 Dungeon Crawl Stone Soup version 0.23.0 (webtiles) character file.

Game seed: 17321450268903517730

492768 ventricule the Invulnerable (level 23, -17/240 HPs)
             Began as a Minotaur Berserker on Feb 8, 2019.
             Was a High Priest of Trog.
             Demolished by an Orb Guardian (38 damage)
             ... on level 5 of the Realm of Zot on Feb 9, 2019.
             The game lasted 02:55:12 (50786 turns).

ventricule the Invulnerable (Minotaur Berserker)   Turns: 50786, Time: 02:55:13

Health: -17/240    AC: 61    Str: 30    XL:     23   Next: 61%
Magic:  0/22       EV: 14    Int: 11    God:    Trog [*****.]
Gold:   653        SH:  6    Dex: 13    Spells: 22/22 levels left

rFire    + + +     SeeInvis .   b - +9 demon whip (elec)
rCold    + + +     Gourm    .   N - +1 buckler {AC+3} {AC+3}
rNeg     . . .     Faith    .   y - +13 crystal plate armour
rPois    +         Spirit   +   U - +2 hat {MR+} {MR+}
rElec    .         Reflect  .   k - +2 cloak {MR+} {MR+}
rCorr    .         Harm     .   v - +0 pair of gloves of the Known World {rF+ Int+2}
MR       +++++                  u - +2 pair of boots {run} {Speed+}
Stlth    ..........             J - amulet "Riphos" {Spirit rF+ rC+ MR+}
HPRegen  1.50/turn              F - ring of the Catfish {rF+ rC++}
MPRegen  0.18/turn              I - ring "Hel Udos" {rC+ Str+4}

@: berserk cooldown, regenerating, slowed, very slow
A: retaliatory headbutt, horns 2, talons 1, slimy green scales 1, blink, clever
1, poison resistance
}: 3/15 runes: decaying, silver, gossamer
a: Blink, Berserk, Trog's Hand, Brothers in Arms, Renounce Religion


You were on level 5 of the Realm of Zot.
You worshipped Trog.
Trog was extremely pleased with you.
You were very hungry.

You visited 8 branches of the dungeon, and saw 46 of its levels.
You also visited: Ice Cave and Wizlab.

You collected 5773 gold pieces.
You spent 5120 gold pieces at shops.

Inventory:

Hand Weapons
 a - the +10 hunting sling "Wufuwnul" {flame, -Tele rF+ Stlth+}
   (You found it on level 8 of the Dungeon)

   It causes projectiles fired from it to burn those they strike, causing extra
   injury to most foes and up to half again as much damage against particularly
   susceptible opponents.
   It protects you from fire.
   It prevents most forms of teleportation.
   It makes you more stealthy.
 b - a +9 demon whip of electrocution (weapon)
Missiles
 r - 645 sling bullets
Armour
 k - a +2 cloak of magic resistance (worn) {MR+}
 u - a +2 pair of boots of running (worn) {Speed+}
 v - the +0 pair of gloves of the Known World (worn) {rF+ Int+2}
   (You found it on level 5 of the Depths)

   It affects your intelligence (+2).
   It protects you from fire.
 y - a +13 crystal plate armour (worn)
 N - a +1 buckler of protection (worn) {AC+3}
 U - a +2 hat of magic resistance (worn) {MR+}
Jewellery
 p - the ring "Ythrufomp" {+Blink rElec AC-2 SInv}
   (You found it on level 6 of the Lair of Beasts)

   [ring of protection]

   It affects your AC (-2).
   It insulates you from electricity.
   It lets you see invisible.
   It lets you blink.
 C - an uncursed ring of resist corrosion
 E - a +4 ring of protection
 F - the ring of the Catfish (left hand) {rF+ rC++}
   (You took it off a draconian annihilator on level 5 of the Depths)

   [ring of protection from fire]

   It protects you from fire.
   It greatly protects you from cold.
 G - the ring "Fudekke" {rC+ Int+2 Dex+4}
   (You took it off an ironheart preserver on level 5 of the Vaults)

   [ring of dexterity]

   It affects your intelligence (+2).
   It affects your dexterity (+4).
   It protects you from cold.
 I - the ring "Hel Udos" (right hand) {rC+ Str+4}
   (You took it off an ironbrand convoker on level 4 of the Vaults)

   [ring of protection from cold]

   It affects your strength (+4).
   It protects you from cold.
 J - the amulet "Riphos" (around neck) {Spirit rF+ rC+ MR+}
   (You bought it in a shop on level 5 of the Depths)

   [amulet of guardian spirit]

   It causes incoming damage to be split between your health and magic.
   It protects you from fire.
   It protects you from cold.
   It affects your resistance to hostile enchantments.
 L - an uncursed ring of flight
Wands
 z - a wand of acid (19)
 A - a wand of iceblast (45)
 D - a wand of digging (23)
 Q - a wand of scattershot (5)
 R - a wand of flame (13)
 S - a wand of disintegration (13)
 W - a wand of polymorph (8)
Scrolls
 c - 14 scrolls of remove curse
 f - 9 scrolls of fog
 g - 10 scrolls of fear
 i - 12 scrolls of identify
 j - 5 scrolls of immolation {!r}
 t - 5 scrolls of teleportation
 B - 2 scrolls of blinking {!r}
 T - a scroll of magic mapping {!r}
 X - 6 scrolls of silence
Potions
 d - 7 potions of might
 l - 5 potions of heal wounds
 m - 4 potions of brilliance
 n - 7 potions of resistance
 o - 8 potions of lignification {!q}
 q - 14 potions of curing
 s - 4 potions of agility
 w - 5 potions of invisibility
 x - 13 potions of flight
 K - 8 potions of cancellation
 M - 5 potions of berserk rage {!q}
 O - a potion of magic
 V - 8 potions of mutation {!q}
Miscellaneous
 H - a fan of gales
 Y - a phial of floods
 Z - a phial of floods
Comestibles
 e - 50 rations


   Skills:
 O Level 27 Fighting
 + Level 22.2 Maces & Flails
 - Level 13.2 Slings
 O Level 27 Armour
 + Level 13.3 Dodging
 - Level 5.0 Shields


You had 22 spell levels left.
You didn't know any spells.
Your spell library was empty.

Dungeon Overview and Level Annotations

Branches:
Dungeon (15/15)            Temple (0/1) D:6            Lair (6/6) D:10
  Swamp (4/4) Lair:2       Spider (4/4) Lair:3        Slime (0/5) Lair:6
    Orc (2/2) D:12            Elf (0/3) Orc:2        Vaults (5/5) D:13
  Crypt (0/3) Vaults:2     Depths (5/5) D:15            Zot (5/5) Depths:5

Altars:
Elyvilon
Kikubaaqudgha
Makhleb
Trog
Wu Jian
Xom
Yredelemnul
The Shining One
Beogh
Jiyva

Shops:
D:5 %   D:8 (   D:9 *   D:12 }   Orc:1 (=   Orc:2 *[:(   Vaults:1 :
Vaults:4 [   Depths:2 %*?(?   Depths:4 (   Depths:5 !==

Portals:
Hell: Depths:1 Depths:2 Depths:4 Depths:5
Abyss: Depths:3
Pandemonium: Depths:3 Depths:4
Ziggurat: Depths:5

Annotations:
Depths:2 5 transporters
Zot:5 1 exclusion


Innate Abilities, Weirdness & Mutations

You reflexively headbutt those who attack you in melee.
You have a pair of horns on your head.
You have sharp toenails.
You are partially covered in slimy green scales. (AC +2)
You can translocate small distances at will.
Your mind is acute. (Int +2)
Your system is resistant to poisons. (rPois)


Message History

The orb of fire moves out of view.
You take 12 damage, and have 51/360 hp.
Something hits your stone giant!! The Orb Guardian hits you!
* * * LOW HITPOINT WARNING * * *
The Orb Guardian barely misses you. You furiously retaliate!
You headbutt the Orb Guardian, but do no damage.
You take 10 damage, and have 41/360 hp.
You feel your anger nearly subside.
You are no longer berserk.
You are exhausted.
You feel as though you will be slow longer.
The Orb Guardian hits you but does no damage. x2
The storm dragon bites something!
The Orb Guardian hits you but does no damage.
There is a stone staircase leading up here.
You now have 28/240 hp.
The Orb Guardian hits you!
* * * LOW HITPOINT WARNING * * *
The Orb Guardian hits you!!!
* * * LOW MAGIC WARNING * * *
You die...

,,,,* **,,,........#* *,,,,,,,,
,,,** *,,,,....!....* **,,,,,,,
,,** **,,,,,..k...,,** **,,,,,,
,** *,,,,,,q*..,,,,,* **,,,,, ##▓
▓▓##***###X####****▓▓▓▓###*** ..#
#..# #......# *,,......#* # ..#
#.## ###y#.## *##.......* #
..###..# #.#X#*# #........* #
...###.## ##.#.#@## ##...^=...* #
...###..###..#(#XX###.........*##
....###..#.#..C.D#..[[.......#*#.
.....###...#..D.##...........###.
.....####.##.....#..#........##..
#...⌠.###...........#.......###..
##......#..................###...
*##..........##...........###....
,*###.....########......#####....


You could see an orb of fire, a storm dragon, a quicksilver dragon and 2 Orb
Guardians.

Levels and vault maps discovered:
D:1:      nzn_arrival_depleted_hourglass, layout_basic
D:2:      layout_rooms, first_ration, kennysheep_generic_room_15
D:3:      kennysheep_slugbush, layout_rooms, nicolae_tso_carved_into_rock
D:4:      layout_cave_pools, uniq_robin
D:5:      layout_loops_cross, serial_shops, shop, uniq_eustachio
D:6:      layout_loops_ring, minmay_temple_entry_mini_moons, doesnt_xom_only_xom
D:7:      wander_guarded_unrand_ratskin, layout_cave_pools,
          uniq_crazy_yiuf_cottage, uniq_joseph
D:8:      layout_gridville, serial_shops, nicolae_shop_behind_doors,
          hangedman_little_slice_of_home, lemuel_mausoleum_altar_yredelemnul
D:9:      layout_loops_corners, overflow_temple_1_default, basic_altar,
          special_room [special_room_orc], serial_shops,
          nicolae_shop_statue_plus
D:10:     layout_gridville, due_lair_maze_entry_diamond, uniq_urug, uniq_snorg,
          uniq_maurice
D:11:     minmay_angry_zag, layout_cave_pools, roderic_roman_lattice
D:12:     layout_roguey, minmay_orc_entry_temple_small, serial_shops, shop,
          ploomutoo_gammafunk_ghost_potion_laboratory, uniq_nergalle
D:13:     layout_irregular_city, grunt_vaults_entry_fortified, glass_columns_a,
          minmay_pinched_square
D:14:     layout_basic, minmay_misc_feat_five
D:15:     hangedman_depths_entry_try_elsewhere_first, layout_grid_maze,
          corexii_leaking_fountain
Lair:1:   layout_loops_ring, basic_altar, bh_autumn_forest_stairs,
          minmay_stone_trees_medium, beast_lair_carwin_3, grunt_megastairs_2,
          minmay_lair_oklob_chamber, uniq_gastronok
Lair:2:   layout_misc_corridors, nicolae_swamp_entry_splash_gauntlet,
          maelrawn_ghost_gauntlet_escape
Lair:3:   layout_small_grid, spider_nest_entry_rubble,
          nicolae_quartered_pool_super, infiniplex_staircase_pool_2, uniq_fannar
Lair:4:   layout_layer_cave, serial_bayou_pond_c, grunt_megastairs_1
Lair:5:   layout_layer_cave, special_room [special_room_bee], grunt_megastairs_5
Lair:6:   evilmike_catoblepas_cave, layout_long_grid, slime_altar_1,
          serial_bayou, serial_bayou_pond_d, serial_bayou_shore_b,
          serial_bayou_ford_a, serial_bayou_lake_a
Swamp:1:  layout_basic_swamp, serial_swamp_ruin, evilmike_swamp_ruin_house_1,
          evilmike_swamp_ruin_rubble_1, uniq_kirke
Swamp:2:  layout_basic_swamp, evilmike_swamp_ruin_house_2
Swamp:3:  layout_falls_marsh, evilmike_swamp_ruin_wall
Swamp:4:  swamp_old_school, layout_basic_swamp, uniq_nikola
Spider:1: spiders_nest_a, portal_ice_cave_entry_pillars_three, drop_trap
Spider:2: nicolae_orb_stairs_large
Spider:3: lemuel_spider_zombies, uniq_agnes, uniq_arachne
Spider:4: guppyfry_spider_rune, minivault_29
Orc:1:    layout_caves, serial_shops, shop, shop, guppyfry_library_mini,
          uniq_josephine
Orc:2:    st_orc_congregation, layout_caves
Vaults:1: vaults_room_ringed_pool, vaults_room_hallway, vaults_room_octagon,
          hangedman_vaults_cutoff, vaults_mumra_minichess_inversion,
          nicolae_vaults_asterisk, nicolae_vaults_yaktaur_gun_rack,
          layout_vaults_omnigrid, basic_altar, serial_shops, shop
Vaults:2: minmay_crypt_entry_simple_box, vaults_mumra_chevron_long,
          ontoclasm_vaults_pinch, nicolae_vaults_big_ls, ontoclasm_vaults_spin,
          ontoclasm_vaults_decontamination, vaults_room_corners,
          layout_vaults_big_room
Vaults:3: nicolae_vaults_big_angled_halls, grunt_vaults_funnel, v_misc_1,
          nicolae_vaults_triangles, nicolae_vaults_network_square,
          dpeg_vaults_monster_row, layout_vaults_omnicross
Vaults:4: vaults_standard_mumra_lines, ontoclasm_vaults_twist,
          nicolae_vaults_hallways_thing, v_misc_13, v_rooms_6, v_misc_16,
          ontoclasm_vaults_hangar, vaults_room_octagon, grunt_vaults_focal,
          nicolae_vaults_little_squares_4, v_misc_28, v_misc_5,
          layout_vaults_omnibox, serial_shops, shop, mu_enter_wizlab_7
Vaults:5: uniq_boris, uniq_sojobo
Depths:1: layout_roguey, grunt_hell_entry_dis_mu, roderic_st_hans_cross,
          minmay_three_doors
Depths:2: gammafunk_the_bubble [the_bubble_gammafunk_roulette],
          layout_cave_shapes, minmay_misc_feat_hallway, serial_shops,
          shop_scrolls, shop_scrolls, nicolae_shop_window_shopping,
          nicolae_shop_crystal, nicolae_shop_crystal, lightli_too_deep
Depths:3: minmay_connected_triangles_in_corner, layout_cave_pools,
          rand_demon_pan_entry_3, abyss_entry_small_statue_room, hell_entry,
          hangedman_decor_opposing, serial_bayou_shore_a,
          infiniplex_staircase_pillars_2
Depths:4: minmay_isolated_rectangles_in_corner, layout_honeycomb, hellmouth_1,
          abyss_entry, serial_shops, nicolae_shop_overgrown_old_shop,
          grunt_pan_entry_in_and_out, serial_rivers,
          chequers_serial_rivers_micro_c, chequers_serial_rivers_room_a,
          chequers_serial_rivers_small_a, chequers_serial_rivers_large_b,
          chequers_serial_rivers_small_a, chequers_serial_rivers_micro_b,
          infiniplex_staircase_split_hallway
Depths:5: lemuel_castle_with_subvaults [lemuel_castle_interior_carwin_1],
          layout_cross, enter_ziggurat_e, hell_entry, minmay_splitting_lines,
          ebering_dispersal_statue_hall, minmay_shop_star, serial_bayou_shore_b
Zot:1:    layout_gridville, nicolae_transmutations_shop
Zot:2:    layout_gridlike
Zot:3:    layout_basic
Zot:4:    layout_concentric_octagons, nzn_random_ring
Zot:5:    layout_cathedral_of_symmetry
IceCv:    ice_cave_statue_garden_chambered
WizLab:   wizlab_cloud

Notes
Turn   | Place    | Note
-------+----------+-------------------------------------------
     0 | D:1      | ventricule the Minotaur Berserker began the quest for the
                  | Orb.
     0 | D:1      | Reached XP level 1. HP: 19/19 MP: 0/0
    66 | D:1      | Identified a ring of protection (You found it on level 1 of
                  | the Dungeon)
    96 | D:1      | Identified a +0 club
   133 | D:1      | Identified a +0 club
   245 | D:1      | Identified a +0 club
   246 | D:1      | Reached skill level 4 in Maces & Flails
   249 | D:1      | Reached skill level 3 in Armour
   249 | D:1      | Reached XP level 2. HP: 26/26 MP: 1/1
   632 | D:1      | Identified a +0 club
   832 | D:1      | Identified a +0 club
   902 | D:2      | Identified a +0 whip
   909 | D:2      | Reached XP level 3. HP: 31/31 MP: 2/2
   910 | D:2      | Reached ** piety under Trog
   977 | D:2      | Identified a +0 mace
   980 | D:2      | Identified 2 potions of curing
  1167 | D:2      | Identified a +0 chain mail (You found it on level 2 of the
                  | Dungeon)
  1179 | D:2      | Identified a +0 club
  1185 | D:2      | Reached skill level 4 in Armour
  1204 | D:2      | Identified a +0 club
  1209 | D:2      | Reached XP level 4. HP: 39/39 MP: 3/3
  1303 | D:2      | Identified a +0 club
  1306 | D:2      | Reached skill level 5 in Maces & Flails
  1527 | D:2      | Identified a +0 club
  1902 | D:3      | Identified a +0 club
  1902 | D:3      | Identified a +0 chain mail
  1902 | D:3      | Identified a cursed -3 hand axe
  1911 | D:3      | Identified a +0 dagger
  1915 | D:3      | Reached XP level 5. HP: 45/45 MP: 4/4
  1923 | D:3      | Identified a +0 flail of protection
  1923 | D:3      | Identified a +0 ring mail
  1928 | D:3      | Identified a +0 whip
  1943 | D:2      | Reached skill level 5 in Armour
  2135 | D:3      | Identified a +0 mace
  2135 | D:3      | Identified a +0 chain mail
  2159 | D:3      | Identified a +0 pair of gloves (You found it on level 3 of
                  | the Dungeon)
  2165 | D:3      | Identified a ring of teleportation (You found it on level 2
                  | of the Dungeon)
  2166 | D:3      | Identified 4 scrolls of identify
  2166 | D:3      | Identified 2 potions of lignification
  2167 | D:3      | Identified 2 scrolls of fear
  2168 | D:3      | Identified a scroll of magic mapping
  2169 | D:3      | Identified 2 scrolls of remove curse
  2170 | D:3      | Identified 2 scrolls of teleportation
  2172 | D:3      | Identified a scroll of noise
  2173 | D:3      | Identified a scroll of enchant armour
  2174 | D:3      | Identified 3 scrolls of blinking
  2175 | D:3      | Identified a scroll of immolation
  2176 | D:3      | Identified a scroll of amnesia
  2188 | D:3      | Identified a +0 short sword
  2194 | D:3      | Identified 2 potions of degeneration
  2195 | D:3      | Identified 2 potions of brilliance
  2196 | D:3      | Identified a potion of ambrosia
  2203 | D:3      | Reached skill level 6 in Maces & Flails
  2249 | D:3      | Identified a +0 dagger
  2251 | D:3      | Identified a +0 club
  2251 | D:3      | Identified a +0 ring mail
  2252 | D:3      | Identified a cursed +0 flail
  2254 | D:3      | Identified a +0 morningstar
  2254 | D:3      | Identified a +0 chain mail
  2286 | D:3      | Reached XP level 6. HP: 46/51 MP: 5/5
  2287 | D:3      | Found a glowing golden altar of the Shining One.
  2301 | D:3      | Identified a +0 short sword
  2310 | D:3      | Reached *** piety under Trog
  2621 | D:4      | Identified a +0 club
  2621 | D:4      | Identified a +1 dagger of draining
  2622 | D:4      | Identified a +0 club
  2622 | D:4      | Identified a +0 dagger
  2622 | D:4      | Identified a +0 club
  2622 | D:4      | Identified a +0 animal skin
  2622 | D:4      | Identified a +0 helmet
  2622 | D:4      | Noticed Robin
  2787 | D:4      | Reached skill level 6 in Armour
  2805 | D:4      | Identified a +0 ring mail
  2806 | D:4      | Identified a scroll of enchant weapon
  2807 | D:4      | Identified 2 scrolls of fog
  2879 | D:4      | Identified a +0 dagger
  2879 | D:4      | Identified a +0 club
  2882 | D:4      | Identified a cursed -2 dagger
  2884 | D:4      | Identified a cursed -2 club
  2885 | D:4      | Identified a +2 mace of protection
  2887 | D:4      | Identified a +0 dagger
  2891 | D:4      | Killed Robin
  3070 | D:5      | Entered Level 5 of the Dungeon
  3073 | D:5      | Identified a +0 dagger
  3073 | D:5      | Identified a +0 chain mail
  3079 | D:5      | Identified a +0 mace
  3081 | D:5      | Identified a +0 short sword
  3087 | D:5      | Reached skill level 7 in Maces & Flails
  3092 | D:5      | Identified a +0 ring mail
  3277 | D:5      | Reached XP level 7. HP: 49/57 MP: 6/6
  3326 | D:5      | Identified a +0 falchion
  3326 | D:5      | Identified a +0 leather armour of cold resistance
  3326 | D:5      | Noticed Eustachio
  3359 | D:5      | Killed Eustachio
  3359 | D:5      | Reached skill level 7 in Armour
  3421 | D:5      | Reached skill level 8 in Maces & Flails
  3422 | D:5      | Identified a scroll of silence
  3519 | D:5      | Identified a +0 scale mail
  3521 | D:5      | Identified a +0 dagger
  3521 | D:5      | Identified a cursed +0 robe
  3521 | D:5      | Identified a +0 flail
  3521 | D:5      | Identified a +0 leather armour
  3522 | D:5      | Identified a +0 leather armour
  3527 | D:5      | Identified a +0 hunting sling
  3527 | D:5      | Identified a +0 ring mail
  3679 | D:4      | Reached **** piety under Trog
  3682 | D:4      | Reached skill level 8 in Armour
  3744 | D:4      | Reached XP level 8. HP: 62/64 MP: 7/7
  3792 | D:5      | Found Ganics's Food Emporium.
  3950 | D:5      | Reached skill level 9 in Maces & Flails
  4070 | D:6      | Identified a +0 flail
  4070 | D:6      | Identified a +0 leather armour
  4071 | D:6      | Identified a +0 halberd
  4071 | D:6      | Identified a +0 plate armour
  4072 | D:6      | Identified a +0 falchion
  4072 | D:6      | Identified a +3 short sword
  4074 | D:6      | Identified a cursed +0 club
  4352 | D:6      | Reached skill level 9 in Armour
  4433 | D:6      | Identified a ring of poison resistance (You found it on
                  | level 6 of the Dungeon)
  4487 | D:6      | Identified a +0 war axe
  4487 | D:6      | Identified a +0 scale mail
  4488 | D:6      | Reached skill level 10 in Maces & Flails
  4516 | D:6      | Identified a +0 halberd
  4516 | D:6      | Identified a +0 spear
  4517 | D:6      | Identified a +0 flail
  4588 | D:6      | Found a staircase to the Ecumenical Temple.
  4792 | D:6      | Found an ancient bone altar of Kikubaaqudgha.
  4794 | D:6      | Found a bloodstained altar of Trog.
  4794 | D:6      | Found a bloodstained altar of Trog.
  4796 | D:6      | Found an ancient bone altar of Kikubaaqudgha.
  4796 | D:6      | Found a white marble altar of Elyvilon.
  4796 | D:6      | Found a shimmering altar of Xom.
  4909 | D:7      | Identified a +0 giant spiked club
  4938 | D:7      | Reached skill level 10 in Armour
  5096 | D:7      | Identified a +0 whip
  5098 | D:7      | Identified a +0 short sword
  5098 | D:7      | Identified a +0 club
  5099 | D:7      | Identified a +0 whip
  5101 | D:7      | Identified a +0 short sword
  5192 | D:7      | Identified a cursed -1 quarterstaff
  5192 | D:7      | Identified a +0 hunting sling
  5192 | D:7      | Identified a +0 ring mail
  5192 | D:7      | Noticed Joseph
  5200 | D:7      | Killed Joseph
  5200 | D:7      | Reached XP level 9. HP: 70/70 MP: 8/8
  5516 | D:7      | Reached ***** piety under Trog
  5524 | D:7      | Found the +2 ratskin cloak {+Rats rPois rN+ Str-1 Int-1
                  | Dex+1}
  5687 | D:7      | Found a runed translucent door.
  5688 | D:7      | Identified a +3 quarterstaff of chaos
  5688 | D:7      | Identified a +0 cloak
  5688 | D:7      | Noticed Crazy Yiuf
  5800 | D:7      | Killed Crazy Yiuf
  5800 | D:7      | Reached skill level 11 in Maces & Flails
  5883 | D:8      | Identified a +0 dagger
  5883 | D:8      | Identified a +0 robe
  5884 | D:8      | Identified a +0 dagger of protection
  5884 | D:8      | Identified a +0 robe
  5884 | D:8      | Identified a +0 whip
  5884 | D:8      | Identified a +0 morningstar
  6010 | D:8      | Got a jewelled hunting sling
  6011 | D:8      | Identified the +10 hunting sling "Wufuwnul" {flame, -Tele
                  | rF+ Stlth+} (You found it on level 8 of the Dungeon)
  6378 | D:8      | Got a polished hunting sling
  6379 | D:8      | Identified the +7 hunting sling of War {venom, Fragile
                  | Str+4 Dex+7} (You found it on level 8 of the Dungeon)
  6436 | D:8      | Identified a +1 pair of boots of running (You found it on
                  | level 8 of the Dungeon)
  6438 | D:8      | Got a scorched buckler
  6444 | D:8      | Identified the +1 buckler of the Hidden Scars {rElec rC-
                  | MR+} (You found it on level 8 of the Dungeon)
  6461 | D:8      | Reached skill level 1 in Slings
  6551 | D:8      | Identified a +1 hand axe of freezing
  6551 | D:8      | Identified a +0 robe
  6560 | D:8      | Identified a +0 hand axe
  6560 | D:8      | Identified a +0 robe
  6565 | D:8      | Reached skill level 11 in Armour
  6570 | D:8      | Found a basalt altar of Yredelemnul.
  6598 | D:8      | Reached skill level 2 in Slings
  6704 | D:8      | Found Jeoro's Antique Weapon Emporium.
  6856 | D:9      | Identified a +0 battleaxe
  6856 | D:9      | Identified a +0 chain mail
  6856 | D:9      | Identified a +0 chain mail
  6947 | D:9      | Found a glowing golden altar of the Shining One.
  6959 | D:9      | Found Qioniefi's General Store.
  6970 | D:9      | Reached skill level 3 in Slings
  6997 | D:9      | Bought the +3 scale mail "Furidoy" {MR++ Regen+ Str+3
                  | Int-3} for 412 gold pieces
  7029 | D:9      | Identified a +0 dagger
  7029 | D:9      | Identified a +0 leather armour
  7029 | D:9      | Identified a +0 club
  7029 | D:9      | Identified a +0 flail
  7029 | D:9      | Identified a +0 ring mail
  7029 | D:9      | Identified a +0 club
  7029 | D:9      | Identified a +0 dagger
  7029 | D:9      | Identified a +0 short sword
  7029 | D:9      | Identified a +0 scimitar
  7029 | D:9      | Identified a +0 chain mail
  7029 | D:9      | Identified a +0 ring mail
  7029 | D:9      | Identified a +0 scimitar
  7029 | D:9      | Identified a +0 plate armour
  7029 | D:9      | Identified a +0 morningstar
  7029 | D:9      | Identified a +0 leather armour
  7029 | D:9      | Identified a +0 flail
  7029 | D:9      | Identified a +0 leather armour
  7029 | D:9      | Identified a +0 hand axe
  7029 | D:9      | Identified a +0 scale mail
  7029 | D:9      | Identified a +0 dagger
  7030 | D:9      | Identified a +0 war axe
  7030 | D:9      | Identified a +0 plate armour
  7030 | D:9      | Identified a +0 flail
  7030 | D:9      | Identified a +0 ring mail
  7031 | D:9      | Identified a +0 short sword
  7031 | D:9      | Identified a +0 chain mail
  7032 | D:9      | Received a gift from Trog
  7033 | D:9      | Identified a +0 falchion
  7033 | D:9      | Identified a +0 leather armour
  7045 | D:9      | Identified a +0 short sword
  7045 | D:9      | Identified a +0 leather armour
  7050 | D:9      | Identified a +0 mace
  7050 | D:9      | Identified a +0 chain mail
  7051 | D:9      | Identified a +0 hand axe
  7051 | D:9      | Identified a +0 hand axe
  7051 | D:9      | Identified a +0 hand axe
  7058 | D:9      | Reached skill level 4 in Slings
  7086 | D:9      | Reached XP level 10. HP: 25/77 MP: 9/9
  7328 | D:9      | Identified a ring of ice (You found it on level 9 of the
                  | Dungeon)
  7416 | D:9      | Reached skill level 12 in Maces & Flails
  7871 | D:9      | Found a burning altar of Makhleb.
  7960 | D:9      | Identified a +2 pair of gloves (You found it on level 9 of
                  | the Dungeon)
  8231 | D:10     | Entered Level 10 of the Dungeon
  8231 | D:10     | Noticed Snorg
  8243 | D:10     | Killed Snorg
  8243 | D:10     | Received a gift from Trog
  8243 | D:10     | Reached skill level 5 in Slings
  8243 | D:10     | Reached skill level 12 in Armour
  8243 | D:10     | Reached skill level 2 in Shields
  8295 | D:10     | Identified a +0 scimitar of holy wrath
  8295 | D:10     | Identified a +0 ring mail
  8295 | D:10     | Noticed Urug
  8391 | D:10     | Killed Urug
  8391 | D:10     | Reached skill level 3 in Shields
  8491 | D:10     | Identified a +0 scimitar of slicing
  8491 | D:10     | Identified a +0 chain mail
  8491 | D:10     | Identified a +0 falchion
  8491 | D:10     | Identified a +0 leather armour
  8491 | D:10     | Identified a +0 club
  8491 | D:10     | Identified a +0 ring mail
  8491 | D:10     | Identified a +0 war axe
  8491 | D:10     | Identified a +0 leather armour
  8491 | D:10     | Identified a +0 dagger
  8571 | D:10     | Reached skill level 6 in Slings
  8607 | D:10     | Reached skill level 4 in Shields
  8726 | D:10     | Identified a +0 giant club
  8726 | D:10     | Identified a +0 club
  8726 | D:10     | Identified a +0 dagger
  8726 | D:10     | Identified a +0 dagger
  8726 | D:10     | Identified a +0 blowgun
  8726 | D:10     | Identified a +0 club
  8726 | D:10     | Identified a +0 short sword
  8944 | D:10     | Identified a +0 giant club
  9033 | D:10     | Found a staircase to the Lair.
  9043 | D:10     | Identified a ring of flight (You found it on level 10 of
                  | the Dungeon)
  9053 | D:10     | Identified a +0 short sword
  9245 | D:10     | Identified a cursed +0 short sword
  9245 | D:10     | Identified a +0 cloak
  9245 | D:10     | Noticed Maurice
  9289 | D:10     | Killed Maurice
  9289 | D:10     | Reached skill level 13 in Maces & Flails
  9289 | D:10     | Reached XP level 11. HP: 82/82 MP: 10/10
  9507 | Lair:1   | Entered Level 1 of the Lair of Beasts
  9577 | Lair:1   | Reached skill level 5 in Shields
  9679 | Lair:1   | Reached skill level 7 in Slings
  9835 | Lair:1   | Reached skill level 13 in Armour
 10018 | Lair:1   | Identified a +2 hat of magic resistance
 10018 | Lair:1   | Noticed Gastronok
 10067 | Lair:1   | Killed Gastronok
 10067 | Lair:1   | Reached skill level 8 in Slings
 10254 | Lair:1   | Found a bloodstained altar of Trog.
 10339 | Lair:1   | Noticed a seven-headed hydra
 10348 | Lair:1   | Killed a seven-headed hydra
 10564 | Lair:1   | Reached skill level 14 in Maces & Flails
 10883 | Lair:1   | Noticed an oklob plant
 10883 | Lair:1   | Noticed an oklob plant
 10989 | Lair:1   | Killed an oklob plant
 11001 | Lair:1   | Killed an oklob plant
 11001 | Lair:1   | Reached skill level 4 in Fighting
 11053 | Lair:1   | Identified 5 potions of heal wounds
 11054 | Lair:1   | Identified an amulet of regeneration (You found it on level
                  | 1 of the Lair of Beasts)
 11056 | Lair:1   | Identified a potion of invisibility
 11057 | Lair:1   | Identified 2 potions of might
 11058 | Lair:1   | Identified 4 potions of flight
 11059 | Lair:1   | Identified 2 potions of cancellation
 11060 | Lair:1   | Identified a potion of magic
 11235 | Lair:2   | Found a runed translucent gate.
 11235 | Lair:2   | Found a runed translucent gate.
 11235 | Lair:2   | Found a runed translucent gate.
 11239 | Lair:2   | Identified a +0 chain mail
 11239 | Lair:2   | Noticed a minotaur
 11244 | Lair:2   | Noticed Suk Xiy's ghost (journeyman DrTm)
 11261 | Lair:2   | Reached skill level 3 in Dodging
 11268 | Lair:2   | Reached skill level 9 in Slings
 11268 | Lair:2   | Reached skill level 14 in Armour
 11356 | Lair:2   | Reached XP level 12. HP: 92/92 MP: 11/11
 11408 | Lair:2   | Received a gift from Trog
 11559 | Lair:2   | Reached skill level 5 in Fighting
 11580 | Lair:2   | Reached skill level 4 in Dodging
 11828 | Lair:2   | Found a staircase to the Swamp.
 11838 | Lair:2   | Reached ****** piety under Trog
 12112 | Lair:2   | Killed Suk Xiy's ghost
 12116 | Lair:2   | HP: 22/95 [minotaur (18)]
 12333 | Lair:3   | Identified a +1 robe of cold resistance
 12333 | Lair:3   | Noticed Fannar
 12354 | Lair:3   | Killed Fannar
 12354 | Lair:3   | Reached skill level 6 in Fighting
 12504 | Lair:3   | Reached skill level 5 in Dodging
 12512 | Lair:3   | Received a gift from Trog
 12571 | Lair:3   | Identified a +1 antimagic dire flail (Trog gifted it to you
                  | on level 3 of the Lair of Beasts)
 12692 | Lair:3   | Reached skill level 10 in Slings
 12799 | Lair:3   | Noticed a catoblepas
 12809 | Lair:3   | Killed a catoblepas
 12909 | Lair:3   | Found a hole to the Spider Nest.
 12976 | Lair:3   | Reached skill level 7 in Fighting
 13269 | Lair:4   | Noticed a five-headed hydra
 13269 | Lair:4   | Noticed a death yak
 13269 | Lair:4   | Noticed a death yak
 13269 | Lair:4   | Noticed a death yak
 13282 | Lair:4   | Killed a death yak
 13312 | Lair:4   | Killed a death yak
 13312 | Lair:4   | Reached skill level 6 in Dodging
 13330 | Lair:4   | Killed a death yak
 13336 | Lair:4   | Killed a five-headed hydra
 13336 | Lair:4   | Reached skill level 15 in Armour
 13618 | Lair:4   | Reached XP level 13. HP: 102/107 MP: 12/12
 13908 | Lair:4   | Identified a potion of mutation
 13909 | Lair:4   | Identified a scroll of acquirement
 13923 | Lair:4   | Identified a +2 crystal plate armour (You acquired it on
                  | level 4 of the Lair of Beasts)
 13924 | Lair:4   | Identified 2 potions of agility
 13948 | Lair:4   | Reached skill level 8 in Fighting
 14038 | Lair:4   | Found the +9 staff of Olgreb {rPois}
 14421 | Lair:5   | Reached skill level 7 in Dodging
 14531 | Lair:5   | Identified a +0 hand axe
 14531 | Lair:5   | Identified a +0 robe
 14533 | Lair:5   | Identified a +0 hand axe
 14533 | Lair:5   | Identified a +0 leather armour
 14541 | Lair:5   | Identified a +0 war axe
 14541 | Lair:5   | Identified a +0 leather armour
 14544 | Lair:5   | HP: 21/108 [meliai/divine providence (15)]
 14626 | Lair:5   | Identified a scroll of vulnerability
 14899 | Lair:5   | Received a gift from Trog
 14917 | Lair:5   | Identified a +3 hunting sling of freezing (Trog gifted it
                  | to you on level 5 of the Lair of Beasts)
 14966 | Lair:5   | Reached skill level 11 in Slings
 15771 | Lair:6   | Entered Level 6 of the Lair of Beasts
 15923 | Lair:6   | Reached skill level 9 in Fighting
 15951 | Lair:6   | Reached skill level 8 in Dodging
 16323 | Lair:6   | Identified a +0 giant club
 16347 | Lair:6   | Reached skill level 10 in Fighting
 16353 | Lair:6   | Reached skill level 16 in Armour
 16482 | Lair:6   | Reached skill level 9 in Dodging
 16487 | Lair:6   | Reached skill level 12 in Slings
 16545 | Lair:6   | Identified a ring of resist corrosion (You found it on
                  | level 5 of the Lair of Beasts)
 16548 | Lair:6   | Got a transparent platinum ring
 16550 | Lair:6   | Identified the cursed ring "Ythrufomp" {+Blink rElec AC-2
                  | SInv} (You found it on level 6 of the Lair of Beasts)
 16782 | Lair:6   | Found a viscous altar of Jiyva.
 16782 | Lair:6   | Found a staircase to the Slime Pits.
 16980 | Lair:6   | Reached XP level 14. HP: 121/121 MP: 13/13
 17067 | Lair:6   | Identified Wohemny's Almanac of Intoxication and
                  | Weightlessness
 17503 | D:11     | Identified a +0 dagger
 17503 | D:11     | Identified a +0 robe
 17503 | D:11     | Identified a +0 dagger of venom
 17503 | D:11     | Identified a +0 robe
 17504 | D:11     | Identified a +0 halberd
 17504 | D:11     | Identified a cursed +0 plate armour
 17514 | D:11     | Received a gift from Trog
 17583 | D:11     | Identified a +0 dagger
 17583 | D:11     | Identified a +0 robe
 17583 | D:11     | Identified a +0 whip
 17583 | D:11     | Identified a +0 dagger
 17583 | D:11     | Identified a +0 robe
 17583 | D:11     | Identified a +0 dagger
 17583 | D:11     | Identified a +0 robe
 17592 | D:11     | Identified a cursed -2 blowgun
 17595 | D:11     | Identified a +0 club
 17602 | D:11     | Identified a +0 short sword
 17838 | D:12     | You fall through a shaft!
 17839 | D:13     | Identified a +0 flail
 17910 | D:13     | Identified a +1 long sword
 17910 | D:13     | Identified a +0 chain mail
 17910 | D:13     | Identified a +0 dagger
 17910 | D:13     | Identified a +0 arbalest
 17910 | D:13     | Identified a cursed +0 scale mail
 18021 | D:13     | Identified a +0 shortbow
 18044 | D:13     | Identified a +0 giant club
 18045 | D:13     | Identified a +3 short sword
 18045 | D:13     | Identified a +0 robe
 18048 | D:13     | Identified a +0 dagger
 18048 | D:13     | Identified a +0 robe
 18084 | D:13     | Identified a cursed -3 rapier
 18148 | D:13     | Identified a +0 giant club
 18179 | D:13     | Identified a potion of berserk rage
 18180 | D:13     | Identified 2 potions of resistance
 18219 | D:13     | Identified a +0 shortbow
 18219 | D:13     | Identified a +0 shortbow
 18219 | D:13     | Identified a +0 shortbow
 18219 | D:13     | Identified a +0 shortbow
 18219 | D:13     | Identified a +0 shortbow
 18220 | D:13     | Identified a +0 shortbow
 18232 | D:13     | Reached skill level 11 in Fighting
 18327 | D:13     | Identified a +0 great mace
 18327 | D:13     | Identified a +0 giant club
 18341 | D:13     | Reached skill level 10 in Dodging
 18471 | D:13     | Identified a ring of attention (You found it on level 13 of
                  | the Dungeon)
 18481 | D:13     | Identified a cursed -1 giant spiked club
 18618 | D:13     | Identified a +0 dagger
 18618 | D:13     | Identified a cursed -3 arbalest
 18618 | D:13     | Identified a +0 scale mail
 18618 | D:13     | Identified a +0 great mace
 18618 | D:13     | Identified a +0 plate armour
 18625 | D:13     | Identified a +0 arbalest
 18625 | D:13     | Identified a cursed -3 dire flail
 18625 | D:13     | Identified a +0 plate armour
 18626 | D:13     | Identified a +0 spear
 18626 | D:13     | Identified a cursed +0 robe
 18634 | D:13     | Received a gift from Trog
 18755 | D:13     | Found a gate to the Vaults.
 18755 | D:13     | Identified a +0 dire flail
 18755 | D:13     | Identified a +0 plate armour
 18756 | D:13     | Identified a +1 battleaxe
 18756 | D:13     | Identified a +3 plate armour
 19120 | D:12     | Identified a +0 dagger
 19120 | D:12     | Identified a +0 robe
 19120 | D:12     | Noticed Nergalle
 19120 | D:12     | Identified a +0 dire flail
 19135 | D:12     | Identified a +0 short sword
 19135 | D:12     | Identified a +0 plate armour
 19135 | D:12     | Identified a +0 whip
 19144 | D:12     | Identified a +0 short sword
 19144 | D:12     | Identified a +0 scale mail
 19146 | D:12     | Identified a +0 whip
 19147 | D:12     | Killed Nergalle
 19147 | D:12     | Identified a +1 dagger of holy wrath
 19147 | D:12     | Identified a +0 robe
 19148 | D:12     | Identified a +0 club
 19149 | D:12     | Identified a +0 hand axe
 19265 | D:12     | Identified a +0 trident
 19265 | D:12     | Identified a +0 chain mail
 19266 | D:12     | Identified a +0 dagger
 19266 | D:12     | Identified a +0 dagger
 19266 | D:12     | Identified a +0 robe
 19301 | D:12     | Found a staircase to the Orcish Mines.
 19309 | D:12     | Found a roughly hewn altar of Beogh.
 19309 | D:12     | Identified a +0 flail
 19309 | D:12     | Identified a cursed -1 ring mail
 19309 | D:12     | Identified a +0 club
 19309 | D:12     | Identified a cursed +0 chain mail
 19309 | D:12     | Identified a +1 mace of draining
 19309 | D:12     | Identified a +0 ring mail
 19315 | D:12     | Identified a +0 mace
 19354 | D:12     | Identified a +0 giant club
 19354 | D:12     | Identified a +0 giant club
 19378 | D:12     | Reached skill level 13 in Slings
 19383 | D:12     | Found Vugaesuq's Gadget Emporium.
 19525 | D:12     | Found a runed translucent gate.
 19525 | D:12     | Found a runed translucent gate.
 19525 | D:12     | Noticed a white very ugly thing
 19525 | D:12     | Noticed a purple very ugly thing
 19526 | D:12     | Found a runed translucent gate.
 19836 | D:12     | Killed a purple very ugly thing
 20031 | D:12     | Killed a cyan very ugly thing
 20031 | D:12     | Reached skill level 17 in Armour
 20134 | D:12     | Found a runed translucent gate.
 20134 | D:12     | Found a runed translucent gate.
 20137 | D:12     | Noticed Folque's ghost (journeyman DrEE)
 20138 | D:12     | Found a runed translucent gate.
 20162 | D:12     | Killed Folque's ghost
 20162 | D:12     | Reached skill level 12 in Fighting
 20470 | Lair:6   | Identified a +2 great mace of protection (You found it on
                  | level 6 of the Lair of Beasts)
 20712 | Orc:1    | Entered Level 1 of the Orcish Mines
 20712 | Orc:1    | Found Lieqim's Antique Weapon Shoppe.
 20712 | Orc:1    | Identified a +0 long sword
 20712 | Orc:1    | Identified a +0 chain mail
 20712 | Orc:1    | Identified a +0 mace
 20712 | Orc:1    | Identified a cursed +0 leather armour
 20712 | Orc:1    | Identified a +0 club
 20712 | Orc:1    | Identified a +0 flail
 20712 | Orc:1    | Identified a +0 leather armour
 20712 | Orc:1    | Identified a +0 broad axe
 20712 | Orc:1    | Identified a +0 chain mail
 20712 | Orc:1    | Identified a +0 dagger
 20712 | Orc:1    | Identified a +0 robe
 20713 | Orc:1    | Identified a +0 dagger
 20713 | Orc:1    | Identified a +0 ring mail
 20714 | Orc:1    | Identified a +0 dagger
 20714 | Orc:1    | Identified a +2 robe of fire resistance
 20715 | Orc:1    | Identified a cursed +0 dagger
 20715 | Orc:1    | Identified a cursed -2 robe
 20716 | Orc:1    | Identified a +0 dagger
 20716 | Orc:1    | Identified a +0 robe
 20717 | Orc:1    | Identified a +0 scimitar
 20717 | Orc:1    | Identified a +0 plate armour
 20719 | Orc:1    | Identified a +0 dagger
 20719 | Orc:1    | Identified a +0 leather armour
 20722 | Orc:1    | Identified a +0 dire flail
 20722 | Orc:1    | Identified a +0 plate armour
 20722 | Orc:1    | Identified a +0 dagger
 20722 | Orc:1    | Identified a +0 giant club
 20724 | Orc:1    | Identified a +0 flail
 20725 | Orc:1    | Identified a +0 leather armour
 20727 | Orc:1    | Identified a +0 giant club
 20729 | Orc:1    | Identified a +1 dagger of protection
 20729 | Orc:1    | Identified a +0 robe
 20731 | Orc:1    | Identified a +0 mace
 20731 | Orc:1    | Identified a +0 leather armour
 20731 | Orc:1    | Identified a +0 mace
 20731 | Orc:1    | Identified a +0 chain mail
 20733 | Orc:1    | Identified a +0 club
 20739 | Orc:1    | Identified a +2 long sword
 20739 | Orc:1    | Identified a +0 plate armour
 20741 | Orc:1    | Identified a +0 glaive
 20741 | Orc:1    | Identified a +0 chain mail
 20744 | Orc:1    | Identified a +0 hand axe
 20744 | Orc:1    | Identified a +0 chain mail
 20744 | Orc:1    | Identified a +0 scale mail
 20744 | Orc:1    | Identified a +0 dagger
 20744 | Orc:1    | Identified a +0 leather armour
 20747 | Orc:1    | Received a gift from Trog
 20760 | Orc:1    | Identified a ring of dexterity (You found it on level 13 of
                  | the Dungeon)
 21133 | Orc:1    | Identified a +0 war axe
 21133 | Orc:1    | Identified a cursed +0 leather armour
 21133 | Orc:1    | Identified a +0 battleaxe
 21133 | Orc:1    | Identified a cursed -2 chain mail
 21133 | Orc:1    | Identified a +0 giant spiked club
 21134 | Orc:1    | Identified a +0 leather armour
 21134 | Orc:1    | Identified a +2 mace of protection
 21134 | Orc:1    | Identified a +0 plate armour
 21135 | Orc:1    | Identified a +0 club
 21136 | Orc:1    | Identified a +0 mace
 21137 | Orc:1    | Identified a cursed +0 dagger
 21137 | Orc:1    | Identified a +2 robe of magic resistance
 21137 | Orc:1    | Noticed Josephine
 21141 | Orc:1    | Identified a +0 dagger
 21141 | Orc:1    | Identified a +0 robe
 21141 | Orc:1    | Identified a +0 dagger
 21144 | Orc:1    | Identified a +0 broad axe
 21144 | Orc:1    | Identified a +0 chain mail
 21175 | Orc:1    | Identified a +0 club
 21177 | Orc:1    | Found Roudoyn's Jewellery Shop.
 21177 | Orc:1    | Identified a +0 long sword
 21177 | Orc:1    | Identified a +0 glaive
 21177 | Orc:1    | Identified a +0 plate armour
 21177 | Orc:1    | Identified a +0 glaive
 21177 | Orc:1    | Identified a +0 plate armour
 21178 | Orc:1    | Identified a +0 dire flail
 21178 | Orc:1    | Identified a +0 chain mail
 21178 | Orc:1    | Identified a +0 long sword
 21178 | Orc:1    | Identified a +0 chain mail
 21179 | Orc:1    | Identified a +0 hand axe
 21179 | Orc:1    | Identified a +0 plate armour
 21183 | Orc:1    | Identified a +0 demon trident of draining
 21189 | Orc:1    | Reached XP level 15. HP: 122/132 MP: 14/14
 21242 | Orc:1    | Identified a +0 short sword
 21242 | Orc:1    | Identified a +2 chain mail of cold resistance
 21244 | Orc:1    | Identified a +0 dagger
 21244 | Orc:1    | Identified a +0 robe
 21245 | Orc:1    | Killed Josephine
 21248 | Orc:1    | Identified a +0 falchion
 21249 | Orc:1    | Identified a +0 short sword
 21249 | Orc:1    | Identified a +0 dagger
 21249 | Orc:1    | Identified a +0 robe
 21250 | Orc:1    | Identified a +0 war axe
 21250 | Orc:1    | Identified a cursed +0 chain mail
 21254 | Orc:1    | Identified a +0 club
 21343 | Orc:1    | Bought a +4 ring of protection for 576 gold pieces
 21343 | Orc:1    | Bought an uncursed ring of protection from fire for 400
                  | gold pieces
 21456 | Orc:1    | Identified a +0 dagger
 21456 | Orc:1    | Identified a +0 robe
 21464 | Orc:1    | Identified a +0 dagger
 21464 | Orc:1    | Identified a +1 robe of magic resistance
 21466 | Orc:1    | Identified a +0 dagger
 21466 | Orc:1    | Identified a +0 robe
 21478 | Orc:1    | Identified a +0 dagger
 21478 | Orc:1    | Identified a +0 robe
 21567 | Orc:1    | Identified a +0 dagger of venom
 21567 | Orc:1    | Identified a cursed +0 robe
 21570 | Orc:1    | Identified a +0 hand axe
 21570 | Orc:1    | Identified a +0 leather armour
 21573 | Orc:1    | Reached skill level 15 in Maces & Flails
 21576 | Orc:1    | Identified a +0 giant club
 21576 | Orc:1    | Identified a +0 giant club
 21582 | Orc:1    | Identified a cursed +0 giant club
 21582 | Orc:1    | Identified a +0 giant club
 21583 | Orc:1    | Identified a +0 giant spiked club
 21583 | Orc:1    | Identified a +0 giant club
 21583 | Orc:1    | Identified a cursed -2 giant spiked club
 21583 | Orc:1    | Identified a +0 giant spiked club
 21583 | Orc:1    | Identified a +0 dire flail
 21584 | Orc:1    | Identified a +0 halberd
 21584 | Orc:1    | Identified a +0 robe
 21832 | Orc:2    | Entered Level 2 of the Orcish Mines
 21930 | Orc:2    | Identified a +0 dagger
 21930 | Orc:2    | Identified a +0 robe
 21931 | Orc:2    | Identified a +0 trident
 21931 | Orc:2    | Identified a +0 chain mail
 21931 | Orc:2    | Identified a +0 flail
 21931 | Orc:2    | Identified a +0 ring mail
 22098 | Orc:2    | Found a staircase to the Elven Halls.
 22125 | Orc:2    | Identified a +0 flail
 22125 | Orc:2    | Identified a +0 club
 22125 | Orc:2    | Identified a +0 leather armour
 22126 | Orc:2    | Identified a +1 dagger of draining
 22126 | Orc:2    | Identified a +0 leather armour
 22126 | Orc:2    | Identified a +0 club
 22126 | Orc:2    | Identified a +0 ring mail
 22126 | Orc:2    | Identified a +0 dagger
 22126 | Orc:2    | Identified a +0 club
 22126 | Orc:2    | Identified a +0 scimitar
 22126 | Orc:2    | Identified a +0 plate armour
 22126 | Orc:2    | Identified a cursed +0 club
 22126 | Orc:2    | Identified a +0 leather armour
 22126 | Orc:2    | Identified a +0 leather armour
 22127 | Orc:2    | Identified a +0 hand axe
 22127 | Orc:2    | Identified a +0 plate armour
 22127 | Orc:2    | Identified a +0 flail
 22127 | Orc:2    | Identified a +0 leather armour
 22127 | Orc:2    | Identified a +0 dagger of draining
 22127 | Orc:2    | Identified a +0 war axe
 22127 | Orc:2    | Identified a +0 chain mail
 22127 | Orc:2    | Identified a +1 war axe of freezing
 22127 | Orc:2    | Identified a +0 chain mail
 22127 | Orc:2    | Identified a +0 club
 22127 | Orc:2    | Identified a +0 scale mail
 22127 | Orc:2    | Identified a +0 flail
 22127 | Orc:2    | Identified a +0 falchion
 22127 | Orc:2    | Identified a cursed -3 flail
 22128 | Orc:2    | Identified a +0 dire flail
 22128 | Orc:2    | Identified a +0 plate armour
 22131 | Orc:2    | Identified a cursed -1 dagger
 22131 | Orc:2    | Identified a +0 robe
 22131 | Orc:2    | Identified a +3 dagger
 22131 | Orc:2    | Identified a +0 battleaxe
 22131 | Orc:2    | Identified a cursed +0 plate armour
 22135 | Orc:2    | Identified a +0 battleaxe
 22135 | Orc:2    | Identified a +0 leather armour
 22136 | Orc:2    | Identified a +0 dagger
 22136 | Orc:2    | Identified a cursed +0 robe
 22138 | Orc:2    | Identified a +0 troll leather armour
 22138 | Orc:2    | Identified a +0 great mace
 22138 | Orc:2    | Identified a +0 arbalest
 22138 | Orc:2    | Identified a +0 plate armour
 22138 | Orc:2    | Identified a +0 dire flail
 22138 | Orc:2    | Identified a +2 plate armour of fire resistance
 22139 | Orc:2    | Identified a +0 dagger
 22139 | Orc:2    | Identified a +0 robe
 22139 | Orc:2    | Identified a +0 flail
 22139 | Orc:2    | Identified a +0 ring mail
 22139 | Orc:2    | Identified a +0 mace
 22139 | Orc:2    | Identified a +0 plate armour
 22140 | Orc:2    | Identified a +0 hand axe
 22140 | Orc:2    | Identified a +0 leather armour
 22140 | Orc:2    | Identified a +0 dagger
 22140 | Orc:2    | Identified a +0 robe
 22140 | Orc:2    | Identified a +0 short sword
 22140 | Orc:2    | Identified a +0 leather armour
 22141 | Orc:2    | Identified a +0 war axe
 22141 | Orc:2    | Identified a +0 dagger
 22141 | Orc:2    | Identified a +0 chain mail
 22141 | Orc:2    | Identified a +2 great sword
 22141 | Orc:2    | Identified a +0 chain mail
 22141 | Orc:2    | Noticed an orc warlord
 22142 | Orc:2    | Identified a +0 war axe
 22142 | Orc:2    | Identified a +0 plate armour
 22142 | Orc:2    | Identified a +0 mace
 22142 | Orc:2    | Identified a +0 chain mail
 22142 | Orc:2    | Identified a +0 dagger
 22142 | Orc:2    | Identified a +0 leather armour
 22142 | Orc:2    | Identified a +0 dagger
 22142 | Orc:2    | Identified a +0 robe
 22142 | Orc:2    | Identified a +0 trident
 22145 | Orc:2    | Identified a +0 flail
 22145 | Orc:2    | Identified a +0 dagger
 22145 | Orc:2    | Identified a cursed +0 robe
 22145 | Orc:2    | Identified a +0 dagger
 22145 | Orc:2    | Identified a +2 robe of the Archmagi
 22147 | Orc:2    | Killed an orc warlord
 22147 | Orc:2    | Reached skill level 16 in Maces & Flails
 22147 | Orc:2    | Received a gift from Trog
 22147 | Orc:2    | Identified a +0 war axe
 22147 | Orc:2    | Identified a +0 chain mail
 22165 | Orc:2    | Identified a +0 mace
 22165 | Orc:2    | Identified a +0 battleaxe
 22165 | Orc:2    | Identified a +0 chain mail
 22168 | Orc:2    | Identified a +0 flail
 22168 | Orc:2    | Identified a +0 chain mail of fire resistance
 22173 | Orc:2    | Identified a cursed -1 mace
 22173 | Orc:2    | Identified a +0 hand axe (You took it off an orc on level 2
                  | of the Orcish Mines)
 22173 | Orc:2    | Identified a +0 leather armour (You took it off an orc on
                  | level 2 of the Orcish Mines)
 22175 | Orc:2    | Identified a +0 dagger
 22175 | Orc:2    | Identified a +0 robe
 22176 | Orc:2    | Identified a +0 mace
 22176 | Orc:2    | Identified a +0 chain mail
 22178 | Orc:2    | Identified a +0 flail
 22178 | Orc:2    | Identified a +0 dagger
 22181 | Orc:2    | Identified a +0 dagger
 22181 | Orc:2    | Identified a +0 robe
 22183 | Orc:2    | Identified a +0 flail
 22183 | Orc:2    | Identified a +0 dagger
 22183 | Orc:2    | Identified a +0 robe
 22183 | Orc:2    | Identified a +0 battleaxe
 22183 | Orc:2    | Identified a +0 chain mail
 22183 | Orc:2    | Identified a +0 flail
 22183 | Orc:2    | Identified a +0 morningstar
 22183 | Orc:2    | Identified a +0 scimitar
 22183 | Orc:2    | Identified a +0 plate armour
 22184 | Orc:2    | Identified a +0 dagger
 22184 | Orc:2    | Identified a +0 robe
 22184 | Orc:2    | Identified a +0 falchion
 22184 | Orc:2    | Identified a +0 robe
 22187 | Orc:2    | HP: 33/132 [orc priest/divine providence (14)]
 22444 | Orc:2    | Identified a +1 battleaxe of electrocution
 22444 | Orc:2    | Identified a +0 plate armour
 22445 | Orc:2    | Identified a +0 battleaxe
 22445 | Orc:2    | Identified a +0 chain mail
 22465 | Orc:2    | Identified a +0 ring mail
 22469 | Orc:2    | Identified a +0 flail
 22470 | Orc:2    | Identified a +0 club
 22470 | Orc:2    | Identified a +0 leather armour
 22472 | Orc:2    | Received a gift from Trog
 22473 | Orc:2    | Identified a +0 falchion
 22473 | Orc:2    | Identified a +0 leather armour
 22681 | Orc:2    | Found Giotwamu's Antique Armour Emporium.
 22682 | Orc:2    | Found Fatai's Antique Weapon Shoppe.
 22683 | Orc:2    | Found Joittoeng's General Store.
 22683 | Orc:2    | Found Etwom's Book Emporium.
 22756 | Orc:2    | Bought a scroll of identify for 26 gold pieces
 22756 | Orc:2    | Bought a scroll of brand weapon for 260 gold pieces
 23137 | D:14     | Identified a +0 battleaxe
 23137 | D:14     | Identified a +0 chain mail
 23139 | D:14     | Identified a +0 short sword
 23139 | D:14     | Identified a +0 ring mail
 23141 | D:14     | Identified a +0 flail
 23226 | D:14     | Identified a +0 arbalest
 23240 | D:14     | Identified a +0 whip
 23240 | D:14     | Identified a +0 robe
 23255 | D:14     | Received a gift from Trog
 23255 | D:14     | Reached skill level 17 in Maces & Flails
 23259 | D:14     | Identified a +3 fustibalus of flaming (Trog gifted it to
                  | you on level 14 of the Dungeon)
 23392 | D:14     | Identified a +0 club
 23392 | D:14     | Identified a +0 club
 23392 | D:14     | Identified a +0 leather armour
 23392 | D:14     | Identified a +0 flail
 23392 | D:14     | Identified a +0 scale mail
 23393 | D:14     | Identified a +0 short sword
 23393 | D:14     | Identified a +0 chain mail
 23393 | D:14     | Identified a cursed +0 leather armour
 23572 | D:14     | Identified a +2 pair of gloves (You found it on level 14 of
                  | the Dungeon)
 24081 | Swamp:1  | Entered Level 1 of the Swamp
 24123 | Swamp:1  | Identified a cursed -1 quarterstaff
 24123 | Swamp:1  | Identified a +0 robe
 24441 | Swamp:2  | Reached skill level 18 in Maces & Flails
 24497 | Swamp:2  | Noticed a thorn hunter
 24513 | Swamp:2  | Killed a thorn hunter
 24857 | Swamp:3  | Identified a +0 spear
 24895 | Swamp:4  | Entered Level 4 of the Swamp
 24912 | Swamp:4  | Identified a +0 quarterstaff
 24912 | Swamp:4  | Identified a +0 robe
 24913 | Swamp:4  | Identified a +1 rapier of electrocution
 24913 | Swamp:4  | Identified a +0 cloak
 24913 | Swamp:4  | Identified a +2 pair of gloves
 24913 | Swamp:4  | Noticed Nikola
 24913 | Swamp:4  | Identified a +0 dagger
 24913 | Swamp:4  | Identified a +0 robe
 25036 | Swamp:3  | Identified +0 swamp dragon scales
 25160 | Swamp:4  | Received a gift from Trog
 25174 | Swamp:4  | Identified a +0 quarterstaff
 25174 | Swamp:4  | Identified a +0 robe
 25180 | Swamp:4  | Reached XP level 16. HP: 139/139 MP: 15/15
 25274 | Swamp:4  | Identified a +0 short sword
 25274 | Swamp:4  | Identified a +0 robe
 25274 | Swamp:4  | Identified a +0 buckler
 25277 | Swamp:4  | Reached skill level 19 in Maces & Flails
 25290 | Swamp:4  | Received a gift from Trog
 25313 | Swamp:4  | Killed Nikola
 25582 | Swamp:4  | Identified a cursed -1 spear
 25661 | Swamp:4  | Noticed the 27-headed Lernaean hydra
 25670 | Swamp:4  | Killed the 26-headed Lernaean hydra
 25690 | Swamp:4  | Identified +0 swamp dragon scales
 25691 | Swamp:4  | Noticed a thorn hunter
 25696 | Swamp:4  | Identified +0 swamp dragon scales
 25696 | Swamp:4  | Reached skill level 20 in Maces & Flails
 25705 | Swamp:4  | Identified +0 swamp dragon scales
 25736 | Swamp:4  | Killed a thorn hunter
 25937 | Swamp:4  | Got a decaying rune of Zot
 26117 | Lair:2   | Identified a scroll of summoning
 26118 | Lair:2   | Identified a scroll of torment
 26286 | Spider:1 | Entered Level 1 of the Spider Nest
 26338 | Spider:1 | Found a frozen archway.
 26384 | IceCv    | Entered an ice cave
 26401 | IceCv    | Identified a +0 giant spiked club
 26493 | IceCv    | Identified a +0 hat (You found it in an ice cave)
 26538 | IceCv    | Reached skill level 21 in Maces & Flails
 26835 | IceCv    | Received a gift from Trog
 26839 | IceCv    | Identified a +2 demon whip of electrocution (Trog gifted it
                  | to you in an ice cave)
 27943 | Spider:1 | Reached skill level 13 in Fighting
 28001 | Spider:1 | Reached XP level 17. HP: 78/150 MP: 16/16
 28517 | Spider:1 | Reached skill level 18 in Armour
 28654 | Spider:2 | Received a gift from Trog
 29363 | Spider:4 | Entered Level 4 of the Spider Nest
 29500 | Spider:4 | Identified a scroll of random uselessness
 29502 | Spider:4 | Identified the cursed +1 plate armour "Ysiext" {rPois rF+
                  | rN+ rCorr Stlth-} (You found it on level 4 of the Spider
                  | Nest)
 29523 | Spider:4 | Reached skill level 14 in Fighting
 29532 | Spider:4 | Noticed an entropy weaver
 29550 | Spider:4 | Killed an entropy weaver
 29578 | Spider:4 | Noticed an entropy weaver
 29626 | Spider:4 | Killed an entropy weaver
 29825 | Spider:4 | Got a pair of shimmering boots
 29826 | Spider:4 | Identified a ring of magical power (You found it on level 4
                  | of the Spider Nest)
 29827 | Spider:4 | Identified the cursed -3 pair of boots of Anarchy {MP+9}
                  | (You found it on level 4 of the Spider Nest)
 29899 | Spider:4 | Received a gift from Trog
 29903 | Spider:4 | Identified a +3 fustibalus of freezing (Trog gifted it to
                  | you on level 4 of the Spider Nest)
 29984 | Spider:4 | Identified a +0 giant club
 30096 | Spider:4 | Reached skill level 19 in Armour
 30108 | Spider:4 | Reached skill level 15 in Fighting
 30268 | Spider:4 | Got a gossamer rune of Zot
 31090 | Vaults:1 | Entered Level 1 of the Vaults
 31118 | Vaults:1 | Found an ornate altar of the Wu Jian Council.
 31119 | Vaults:1 | Found Dontuh's Book Shop.
 31174 | Vaults:1 | Identified a +0 longbow
 31208 | Vaults:1 | Identified a +0 arbalest
 31218 | Vaults:1 | Identified a +0 mace
 31218 | Vaults:1 | Identified a +0 ring mail
 31221 | Vaults:1 | Identified a +0 dagger
 31221 | Vaults:1 | Identified a +0 long sword
 31221 | Vaults:1 | Identified a +0 leather armour
 31221 | Vaults:1 | Identified a +0 long sword of distortion
 31221 | Vaults:1 | Identified a +0 scale mail
 31221 | Vaults:1 | Noticed a deep elf demonologist
 31223 | Vaults:1 | Identified a +0 long sword
 31223 | Vaults:1 | Identified a +0 scale mail
 31223 | Vaults:1 | Identified a +0 buckler
 31234 | Vaults:1 | Identified a +0 demon whip
 31262 | Vaults:1 | HP: 34/156 [deep elf knight/stone arrow[an ironheart
                  | preserver] (31)]
 31288 | Vaults:1 | Killed a deep elf demonologist
 31510 | Vaults:1 | Identified a +0 battleaxe
 31510 | Vaults:1 | Identified a +0 plate armour
 31511 | Vaults:1 | Identified a +0 long sword
 31511 | Vaults:1 | Identified a +0 plate armour
 31511 | Vaults:1 | Identified a +0 dagger
 31512 | Vaults:1 | Identified a cursed -3 long sword
 31512 | Vaults:1 | Identified a +0 chain mail
 31512 | Vaults:1 | Identified a +0 dire flail
 31512 | Vaults:1 | Identified a +0 chain mail
 31513 | Vaults:1 | Identified a +0 hand axe
 31515 | Vaults:1 | Identified a +0 dagger
 31515 | Vaults:1 | Identified a +0 robe
 31537 | Vaults:1 | Received a gift from Trog
 31627 | Vaults:1 | Identified a +0 arbalest
 31631 | Vaults:1 | Identified a +0 flail
 31631 | Vaults:1 | Identified a +0 ring mail
 31632 | Vaults:1 | Identified a cursed +0 longbow
 31634 | Vaults:1 | Identified a +0 dagger
 31634 | Vaults:1 | Identified a +0 robe
 31641 | Vaults:1 | Identified a +0 long sword
 31641 | Vaults:1 | Identified a +0 chain mail
 31642 | Vaults:1 | Identified a +0 arbalest
 31643 | Vaults:1 | Identified a +0 dagger
 31643 | Vaults:1 | Identified a +0 leather armour
 31655 | Vaults:1 | Identified a +0 mace
 31814 | Vaults:1 | Identified a +0 flail
 31814 | Vaults:1 | Identified a +0 dire flail
 31814 | Vaults:1 | Identified a +0 chain mail
 31815 | Vaults:1 | Identified a +0 ring mail
 31874 | Vaults:1 | Identified a cursed -2 halberd
 31874 | Vaults:1 | Identified a +0 chain mail
 31911 | Vaults:1 | Identified a +0 arbalest
 31929 | Vaults:1 | Identified a +0 arbalest
 32014 | Vaults:1 | Identified a +0 short sword
 32014 | Vaults:1 | Identified a +0 halberd
 32014 | Vaults:1 | Identified a +0 plate armour
 32014 | Vaults:1 | Identified a +0 war axe
 32014 | Vaults:1 | Identified a +0 plate armour
 32015 | Vaults:1 | Identified a +0 great mace
 32015 | Vaults:1 | Identified a +0 leather armour
 32057 | Vaults:1 | Reached skill level 16 in Fighting
 32057 | Vaults:1 | Reached XP level 18. HP: 59/166 MP: 17/17
 32620 | Vaults:2 | Identified a +0 dire flail
 32620 | Vaults:2 | Identified a +0 dire flail
 32847 | Vaults:2 | Identified a +0 glaive of venom
 32849 | Vaults:2 | Identified a +0 giant club
 32849 | Vaults:2 | Identified a cursed -3 dire flail
 32850 | Vaults:2 | Identified a +0 giant club
 32850 | Vaults:2 | Identified a +0 giant spiked club
 32851 | Vaults:2 | Identified a +0 spear
 32851 | Vaults:2 | Identified a +0 robe
 32855 | Vaults:2 | Identified a +0 giant club
 32855 | Vaults:2 | Identified a +0 giant club
 32895 | Vaults:2 | Reached skill level 20 in Armour
 33054 | Vaults:2 | Identified a +0 giant club
 33054 | Vaults:2 | Identified a +0 dire flail
 33057 | Vaults:2 | Identified a +0 long sword
 33085 | Vaults:2 | Found a staircase to the Crypt.
 33190 | Vaults:2 | Received a gift from Trog
 33209 | Vaults:2 | Identified a cursed -3 dagger
 33209 | Vaults:2 | Identified a +0 robe
 33209 | Vaults:2 | Identified a +2 ring of strength
 33293 | Vaults:2 | Identified a +0 short sword
 33438 | Vaults:2 | Identified a +0 great sword of distortion
 33438 | Vaults:2 | Identified a +0 chain mail
 33440 | Vaults:2 | Identified a +0 great sword
 33440 | Vaults:2 | Identified a +0 chain mail
 33440 | Vaults:2 | Identified a +0 falchion
 33440 | Vaults:2 | Identified a +0 scale mail
 33461 | Vaults:2 | Identified a +0 scimitar
 33470 | Vaults:2 | Identified a +0 falchion
 33470 | Vaults:2 | Identified a +0 war axe
 33470 | Vaults:2 | Identified a cursed +0 chain mail
 33472 | Vaults:2 | Identified a +0 shortbow
 33472 | Vaults:2 | Identified a +0 hand axe
 33475 | Vaults:2 | Identified a +0 mace
 33477 | Vaults:2 | Identified a +0 dire flail
 33477 | Vaults:2 | Identified a +0 chain mail
 33478 | Vaults:2 | Identified a +0 giant club
 33479 | Vaults:2 | Identified a +0 giant club
 33479 | Vaults:2 | Identified a +0 dire flail
 33479 | Vaults:2 | Identified a +1 dire flail of draining
 33481 | Vaults:2 | Identified a +0 club
 33482 | Vaults:2 | Identified a +0 short sword
 33483 | Vaults:2 | Identified a +0 mace
 33483 | Vaults:2 | Identified a +0 scale mail
 33490 | Vaults:2 | Identified a +0 dagger
 33490 | Vaults:2 | Identified a +0 robe
 33490 | Vaults:2 | Identified a +0 giant club
 33490 | Vaults:2 | Identified a +0 giant spiked club
 33494 | Vaults:2 | Identified a +0 giant spiked club
 33494 | Vaults:2 | Identified a +0 giant club
 33494 | Vaults:2 | Identified a +0 giant spiked club
 33509 | Vaults:2 | Identified a +0 giant club
 33509 | Vaults:2 | Identified a +0 giant club
 33510 | Vaults:2 | Identified a +0 giant spiked club
 33510 | Vaults:2 | Identified a +0 giant spiked club
 33511 | Vaults:2 | Identified a +0 robe
 33514 | Vaults:2 | Received a gift from Trog
 33520 | Vaults:2 | Identified a +0 giant club
 33520 | Vaults:2 | Identified a +0 giant club
 33521 | Vaults:2 | Identified a +0 spear
 33521 | Vaults:2 | Identified a +0 robe
 33532 | Vaults:2 | Identified a +0 longbow
 33539 | Vaults:2 | Identified a +0 demon trident of pain
 33547 | Vaults:2 | Identified a +0 shortbow
 33547 | Vaults:2 | Identified a +0 shortbow
 33548 | Vaults:2 | Identified a +0 shortbow
 33551 | Vaults:2 | Identified a +0 shortbow
 33773 | Vaults:2 | Identified a +0 glaive
 33773 | Vaults:2 | Identified a +0 plate armour
 33773 | Vaults:2 | Identified a +0 giant spiked club
 33773 | Vaults:2 | Identified a +0 war axe of electrocution
 33773 | Vaults:2 | Identified a +2 chain mail of fire resistance
 33774 | Vaults:2 | Identified a +0 giant spiked club
 33774 | Vaults:2 | Identified a +0 great mace
 33774 | Vaults:2 | Identified a +0 leather armour
 33775 | Vaults:2 | Identified a +0 giant club
 33775 | Vaults:2 | Identified a +0 club
 33775 | Vaults:2 | Identified a +0 robe
 33776 | Vaults:2 | Identified a +0 giant spiked club
 33776 | Vaults:2 | Identified a +0 giant club
 33776 | Vaults:2 | Identified a +0 giant spiked club
 33802 | Vaults:2 | Reached skill level 17 in Fighting
 33808 | Vaults:2 | Received a gift from Trog
 33814 | Vaults:2 | Identified a +0 giant club
 33820 | Vaults:2 | Identified a +0 giant spiked club
 33820 | Vaults:2 | Identified a +0 giant spiked club
 33820 | Vaults:2 | Identified a +0 giant club
 33820 | Vaults:2 | Identified a +0 giant club
 33820 | Vaults:2 | Identified a +0 giant club
 33822 | Vaults:2 | Identified a +0 flail
 33822 | Vaults:2 | Identified a +0 robe
 33822 | Vaults:2 | Identified a +0 war axe
 33822 | Vaults:2 | Identified a +0 ring mail
 33855 | Vaults:2 | Identified a +0 trident
 33855 | Vaults:2 | Identified a +0 robe
 33882 | Vaults:2 | Identified a +0 short sword
 34347 | Vaults:3 | Identified a +0 long sword
 34347 | Vaults:3 | Identified a +0 scale mail
 34348 | Vaults:3 | Identified a +0 halberd
 34348 | Vaults:3 | Identified a +0 robe
 34353 | Vaults:3 | Identified a +1 battleaxe
 34353 | Vaults:3 | Identified a +0 chain mail
 34356 | Vaults:3 | Identified a +0 dagger of speed
 34356 | Vaults:3 | Identified a +0 robe
 34361 | Vaults:3 | Identified a +0 arbalest
 34375 | Vaults:3 | Received a gift from Trog
 34376 | Vaults:3 | Identified a +0 arbalest
 34376 | Vaults:3 | Identified a +0 arbalest
 34376 | Vaults:3 | Identified a +0 arbalest
 34376 | Vaults:3 | Identified a +0 arbalest
 34478 | Vaults:3 | Identified a +0 giant club
 34478 | Vaults:3 | Identified a +0 giant club
 34478 | Vaults:3 | Identified a +0 giant club
 34478 | Vaults:3 | Identified a +0 giant club
 34479 | Vaults:3 | Identified a +0 giant club
 34480 | Vaults:3 | Identified a +0 spear
 34480 | Vaults:3 | Identified a +0 robe
 34480 | Vaults:3 | Identified a cursed -3 giant club
 34480 | Vaults:3 | Identified a +0 giant club
 34480 | Vaults:3 | Identified a +0 giant club
 34514 | Vaults:3 | Reached skill level 21 in Armour
 34577 | Vaults:3 | Identified a +0 long sword
 34577 | Vaults:3 | Identified a +0 arbalest
 34577 | Vaults:3 | Identified a +0 ring mail
 34642 | Vaults:3 | Identified a +0 giant spiked club
 34642 | Vaults:3 | Identified a +0 giant spiked club
 34643 | Vaults:3 | Identified a +0 giant club
 34700 | Vaults:3 | Noticed an entropy weaver
 34704 | Vaults:3 | Received a gift from Trog
 34713 | Vaults:3 | Killed an entropy weaver
 34786 | Vaults:3 | Identified a +0 dire flail
 34786 | Vaults:3 | Identified a +0 dire flail
 34855 | Vaults:3 | Identified a +0 dire flail
 34855 | Vaults:3 | Identified a +0 chain mail
 34855 | Vaults:3 | Identified a +0 club
 34855 | Vaults:3 | Identified a cursed -1 war axe
 34855 | Vaults:3 | Identified a +0 plate armour
 34855 | Vaults:3 | Identified a +0 club
 34855 | Vaults:3 | Identified a +0 scale mail
 34855 | Vaults:3 | Identified a +0 mace
 34855 | Vaults:3 | Identified a +0 scale mail
 34855 | Vaults:3 | Identified a +3 war axe
 34855 | Vaults:3 | Identified a cursed -2 plate armour
 34859 | Vaults:3 | Identified a +0 war axe
 34859 | Vaults:3 | Identified a cursed +0 chain mail
 34881 | Vaults:3 | Identified a +0 arbalest
 34883 | Vaults:3 | Reached skill level 18 in Fighting
 34889 | Vaults:3 | Identified a +0 mace
 34889 | Vaults:3 | Identified a +0 leather armour
 34904 | Vaults:3 | Identified a +0 arbalest
 34904 | Vaults:3 | Identified a +0 arbalest
 34910 | Vaults:3 | Identified an amulet of faith (You found it on level 3 of
                  | the Vaults)
 34957 | Vaults:3 | Identified a +0 dagger
 34957 | Vaults:3 | Identified a +0 ring mail
 35000 | Vaults:3 | Identified a +0 mace
 35000 | Vaults:3 | Identified a +0 ring mail
 35009 | Vaults:3 | Received a gift from Trog
 35028 | Vaults:3 | Identified a +0 short sword
 35028 | Vaults:3 | Identified a +0 shortbow
 35028 | Vaults:3 | Identified a +0 leather armour
 35028 | Vaults:3 | Identified a +0 long sword
 35029 | Vaults:3 | Identified a cursed +0 long sword
 35029 | Vaults:3 | Identified a +0 leather armour
 35029 | Vaults:3 | Noticed a deep elf sorcerer
 35029 | Vaults:3 | Identified a +0 short sword
 35029 | Vaults:3 | Identified a +3 leather armour
 35030 | Vaults:3 | Identified a +0 dire flail
 35030 | Vaults:3 | Identified a cursed -1 ring mail
 35051 | Vaults:3 | Killed a deep elf sorcerer
 35175 | Vaults:3 | Identified a +0 flail
 35175 | Vaults:3 | Identified a +0 ring mail
 35282 | Vaults:3 | Identified a ring of evasion (You found it on level 3 of
                  | the Vaults)
 35361 | Vaults:3 | Reached XP level 19. HP: 137/180 MP: 18/18
 35471 | Vaults:3 | Identified a +2 long sword
 35471 | Vaults:3 | Identified a +0 chain mail
 35471 | Vaults:3 | Identified a +0 club
 35471 | Vaults:3 | Identified a +0 leather armour
 35471 | Vaults:3 | Identified a +0 flail
 35471 | Vaults:3 | Identified a +0 plate armour
 35471 | Vaults:3 | Identified a +0 war axe
 35471 | Vaults:3 | Identified a +0 ring mail
 35471 | Vaults:3 | Identified a +0 halberd
 35471 | Vaults:3 | Identified a +0 plate armour
 35479 | Vaults:3 | Received a gift from Trog
 35493 | Vaults:3 | Identified a +0 great mace of protection (Trog gifted it to
                  | you on level 3 of the Vaults)
 35558 | Vaults:3 | Identified a +0 arbalest
 35561 | Vaults:3 | Identified a +0 whip
 35561 | Vaults:3 | Identified a +0 robe
 35561 | Vaults:3 | Identified a +0 giant spiked club
 35562 | Vaults:3 | Identified a +0 great mace
 35562 | Vaults:3 | Identified a +2 hand crossbow of flaming
 35562 | Vaults:3 | Identified a +0 leather armour
 35562 | Vaults:3 | Identified a +0 giant club
 35562 | Vaults:3 | Identified a +0 dire flail
 35562 | Vaults:3 | Identified a +0 giant spiked club
 35562 | Vaults:3 | Identified a +0 giant club
 35714 | Vaults:4 | Identified a +0 shortbow
 35716 | Vaults:4 | Identified a cursed -1 war axe
 35716 | Vaults:4 | Identified a +0 scale mail
 35744 | Vaults:4 | Identified a +0 great sword of flaming
 35789 | Vaults:4 | Identified a +0 longbow
 35856 | Vaults:4 | Found a magical portal.
 35859 | WizLab   | Entered The Chambers of the Cloud Mage
 36078 | WizLab   | Paralysed by you for 7 turns
 36329 | WizLab   | Identified a +0 robe
 36329 | WizLab   | Identified a +0 robe
 36329 | WizLab   | Identified a +2 robe of positive energy
 36329 | WizLab   | Identified a +0 robe
 36443 | WizLab   | Identified a +1 quick blade of electrocution
 36443 | WizLab   | Noticed Xobb
 36455 | WizLab   | Killed Xobb the Cloud Mage
 36478 | WizLab   | Reached skill level 19 in Fighting
 36479 | WizLab   | Reached skill level 22 in Armour
 36481 | WizLab   | Identified the Incunabulum of the Birds
 36512 | WizLab   | Identified the amulet of Gojedd {Reflect rN+ Int+4 Slay-6
                  | SH+2} (You acquired it in a wizard's laboratory)
 36693 | Vaults:4 | Identified a +2 morningstar
 36693 | Vaults:4 | Identified a +0 chain mail
 36725 | Vaults:4 | Gained mutation: Your magical capacity is low. (-10% MP)
                  | [potion of mutation]
 36725 | Vaults:4 | Gained mutation: You evolve. [potion of mutation]
 36725 | Vaults:4 | Gained mutation: Armour fits poorly on your strangely
                  | shaped body. [potion of mutation]
 36725 | Vaults:4 | Gained mutation: You passively map a small area around you.
                  | [potion of mutation]
 36726 | Vaults:4 | Lost mutation: Your magical capacity is low. (-10% MP)
                  | [potion of mutation]
 36726 | Vaults:4 | Gained mutation: Your mind is acute. (Int +2) [potion of
                  | mutation]
 36726 | Vaults:4 | Lost mutation: You evolve. [potion of mutation]
 36726 | Vaults:4 | Gained mutation: You can translocate small distances at
                  | will. [potion of mutation]
 36727 | Vaults:4 | Lost mutation: You passively map a small area around you.
                  | [potion of mutation]
 36727 | Vaults:4 | Lost mutation: Armour fits poorly on your strangely shaped
                  | body. [potion of mutation]
 36727 | Vaults:4 | Gained mutation: You are partially covered in slimy green
                  | scales. (AC +2) [potion of mutation]
 36727 | Vaults:4 | Gained mutation: Your system is resistant to poisons.
                  | (rPois) [potion of mutation]
 36727 | Vaults:4 | Gained mutation: You have sharp toenails. [potion of
                  | mutation]
 36733 | Vaults:4 | Identified a +0 mace
 36733 | Vaults:4 | Identified a +0 ring mail
 36733 | Vaults:4 | Identified a +3 long sword
 36733 | Vaults:4 | Identified a +0 chain mail
 36733 | Vaults:4 | Identified a +0 shield
 36734 | Vaults:4 | Identified a +0 great mace
 36734 | Vaults:4 | Identified a +0 plate armour
 36737 | Vaults:4 | Identified a +0 arbalest
 36737 | Vaults:4 | Identified a cursed -2 arbalest
 36737 | Vaults:4 | Identified a +0 arbalest
 36738 | Vaults:4 | Identified a +0 arbalest
 36738 | Vaults:4 | Identified a +0 arbalest
 36881 | Vaults:4 | Identified a +0 arbalest
 36881 | Vaults:4 | Identified a +0 arbalest
 36881 | Vaults:4 | Identified a +0 arbalest
 36881 | Vaults:4 | Identified a +2 war axe of chopping
 36881 | Vaults:4 | Identified a +0 chain mail
 36881 | Vaults:4 | Identified a +0 shield
 36881 | Vaults:4 | Identified a +0 arbalest
 36881 | Vaults:4 | Identified a cursed -1 arbalest
 36881 | Vaults:4 | Identified a +0 arbalest
 36881 | Vaults:4 | Identified a +0 arbalest
 36882 | Vaults:4 | Identified a +2 arbalest of flaming
 36882 | Vaults:4 | Identified a +0 arbalest
 36882 | Vaults:4 | Identified a +0 arbalest
 36919 | Vaults:4 | Identified +0 storm dragon scales
 36926 | Vaults:4 | Received a gift from Trog
 37106 | Vaults:4 | Identified a +0 arbalest
 37106 | Vaults:4 | Identified a +0 arbalest
 37107 | Vaults:4 | Identified a +0 arbalest
 37108 | Vaults:4 | Identified a +0 arbalest
 37164 | Vaults:4 | Identified a +0 great mace
 37164 | Vaults:4 | Identified a +0 scale mail
 37297 | Vaults:4 | Identified a +2 buckler (You found it on level 4 of the
                  | Vaults)
 37384 | Vaults:4 | Identified a +1 arbalest of freezing
 37384 | Vaults:4 | Identified a +0 arbalest
 37385 | Vaults:4 | Identified a +0 arbalest
 37385 | Vaults:4 | Identified a +0 arbalest
 37386 | Vaults:4 | Identified a cursed -3 arbalest
 37417 | Vaults:4 | Identified a scroll of holy word
 37536 | Vaults:4 | Found Fum Bier's Antique Armour Emporium.
 37554 | Vaults:4 | Identified a +0 broad axe
 37554 | Vaults:4 | Identified a +0 plate armour
 37555 | Vaults:4 | Identified a +0 dagger
 37555 | Vaults:4 | Identified a cursed +0 robe
 37555 | Vaults:4 | Identified a +0 club
 37555 | Vaults:4 | Identified a +0 ring mail
 37555 | Vaults:4 | Identified a +0 trident
 37555 | Vaults:4 | Identified a cursed +0 ring mail
 37560 | Vaults:4 | Received a gift from Trog
 37984 | Orc:2    | Bought a glowing cloak for 277 gold pieces
 37994 | Orc:2    | Identified a +2 cloak of magic resistance (You bought it in
                  | a shop on level 2 of the Orcish Mines)
 38248 | Vaults:5 | Entered Level 5 of the Vaults
 38248 | Vaults:5 | Identified a +0 long sword of freezing
 38248 | Vaults:5 | Identified a +0 chain mail
 38248 | Vaults:5 | Identified a +0 shield
 38248 | Vaults:5 | Identified a +2 halberd
 38248 | Vaults:5 | Identified a +0 plate armour
 38248 | Vaults:5 | Identified a +0 dire flail
 38248 | Vaults:5 | Identified a +0 plate armour
 38248 | Vaults:5 | Identified a +0 halberd
 38248 | Vaults:5 | Identified a +0 chain mail
 38248 | Vaults:5 | Identified a +0 battleaxe
 38248 | Vaults:5 | Identified a +0 plate armour
 38248 | Vaults:5 | Identified a +0 battleaxe
 38248 | Vaults:5 | Identified a +0 plate armour
 38248 | Vaults:5 | Identified a +0 war axe
 38248 | Vaults:5 | Identified a +0 plate armour
 38248 | Vaults:5 | Identified a +0 war axe
 38248 | Vaults:5 | Identified a +0 chain mail
 38248 | Vaults:5 | Identified a +2 large shield
 38248 | Vaults:5 | Identified a +0 war axe
 38248 | Vaults:5 | Identified a +0 plate armour
 38248 | Vaults:5 | Identified a +0 long sword
 38248 | Vaults:5 | Identified a +0 plate armour
 38248 | Vaults:5 | Identified a +1 great mace of crushing
 38248 | Vaults:5 | Identified a +0 plate armour
 38248 | Vaults:5 | Identified a +0 great sword
 38248 | Vaults:5 | Identified a +0 plate armour
 38248 | Vaults:5 | Identified a +0 war axe
 38248 | Vaults:5 | Identified a +0 chain mail
 38248 | Vaults:5 | Identified a cursed -1 long sword
 38248 | Vaults:5 | Identified a +0 plate armour
 38248 | Vaults:5 | Identified a +0 shield
 38248 | Vaults:5 | Identified a +0 war axe
 38248 | Vaults:5 | Identified a +0 chain mail
 38248 | Vaults:5 | Identified a +1 halberd
 38248 | Vaults:5 | Identified a +0 plate armour
 38248 | Vaults:5 | Identified a +3 battleaxe
 38248 | Vaults:5 | Identified a +0 plate armour
 38248 | Vaults:5 | Identified a +2 antimagic battleaxe
 38248 | Vaults:5 | Identified a +0 chain mail
 38248 | Vaults:5 | Identified a +0 great sword
 38248 | Vaults:5 | Identified a +0 plate armour
 38248 | Vaults:5 | Identified a +0 long sword
 38248 | Vaults:5 | Identified a +0 chain mail
 38248 | Vaults:5 | Identified a +0 shield
 38248 | Vaults:5 | Identified a +0 war axe
 38248 | Vaults:5 | Identified a +0 chain mail
 38248 | Vaults:5 | Identified a +1 great mace
 38248 | Vaults:5 | Identified a +0 chain mail
 38248 | Vaults:5 | Identified a +0 great mace
 38248 | Vaults:5 | Identified a +0 plate armour
 38248 | Vaults:5 | Identified a +0 war axe
 38248 | Vaults:5 | Identified a +0 chain mail
 38248 | Vaults:5 | Identified a +0 dagger
 38248 | Vaults:5 | Identified a cursed +0 robe
 38288 | Vaults:5 | Identified a +0 giant club
 38288 | Vaults:5 | Identified a +0 giant club
 38289 | Vaults:5 | Identified a +1 robe of fire resistance
 38289 | Vaults:5 | Noticed Boris
 38327 | Vaults:4 | Received a gift from Trog
 38335 | Vaults:5 | Identified a +0 dire flail
 38335 | Vaults:5 | Identified a +0 dire flail
 38335 | Vaults:5 | Identified a +0 dire flail
 38335 | Vaults:5 | Identified a +0 dire flail
 38336 | Vaults:5 | Identified a +0 long sword
 38336 | Vaults:5 | Identified a +0 plate armour
 38382 | Vaults:4 | ventricule: ??boris
 38382 | Vaults:4 | beem: boris[1/3]: A unique lich who has an awesome habit of
                  | staying undead. Spells: bolt of cold, invisibility, animate
                  | dead, iron shot, iood.
 38382 | Vaults:4 | ventricule: ??boris[2]
 38382 | Vaults:4 | beem: boris[2/3]: IRON BOLT DRAIN CRYSTAL SPEAR LOL HI IM
                  | BORIS
 38382 | Vaults:4 | ventricule: ??boris[3]
 38382 | Vaults:4 | beem: boris[3/3]: Boris says to your 12-headed hydra, "You
                  | haven't seen the last of me!"
 38414 | Vaults:5 | Identified a +3 great mace
 38414 | Vaults:5 | Identified a +0 plate armour
 38414 | Vaults:5 | Identified a +0 dagger
 38414 | Vaults:5 | Identified a +0 leather armour
 38414 | Vaults:5 | Identified a +0 rapier
 38414 | Vaults:5 | Noticed a deep elf sorcerer
 38415 | Vaults:5 | Identified a +0 giant spiked club
 38415 | Vaults:5 | Identified a +0 scimitar
 38416 | Vaults:5 | Identified a +0 giant spiked club
 38418 | Vaults:5 | Identified a +0 giant club
 38418 | Vaults:5 | Identified a +0 dire flail
 38419 | Vaults:5 | Identified a +0 glaive
 38419 | Vaults:5 | Identified a +0 chain mail
 38419 | Vaults:5 | Identified a +0 arbalest
 38419 | Vaults:5 | Identified a +0 halberd
 38419 | Vaults:5 | Identified a +0 chain mail
 38420 | Vaults:5 | Identified a +0 long sword
 38420 | Vaults:5 | Identified a +0 leather armour
 38420 | Vaults:5 | Identified a +3 battleaxe
 38420 | Vaults:5 | Identified a +0 ring mail
 38421 | Vaults:5 | Identified a +0 great sword of electrocution
 38421 | Vaults:5 | Identified a +3 scale mail of fire resistance
 38421 | Vaults:5 | Noticed Sojobo
 38421 | Vaults:5 | Identified a +3 long sword of holy wrath
 38421 | Vaults:5 | Identified a +4 ring mail of fire resistance
 38421 | Vaults:5 | Identified a +1 buckler of protection
 38424 | Vaults:5 | Identified a +0 arbalest
 38424 | Vaults:5 | Identified a +0 long sword
 38436 | Vaults:5 | Killed Sojobo
 38442 | Vaults:5 | Identified a +0 club
 38442 | Vaults:5 | Identified a +0 scale mail
 38442 | Vaults:5 | HP: 37/184 [deep elf high priest/divine providence (14)]
 38444 | Vaults:5 | Identified a +0 bardiche
 38444 | Vaults:5 | Identified a +0 chain mail
 38447 | Vaults:5 | HP: 46/184 [poisoned by a tengu reaver (blast of poison)]
 38449 | Vaults:5 | Identified a cursed -2 battleaxe
 38449 | Vaults:5 | Identified a cursed +0 plate armour
 38452 | Vaults:5 | HP: 45/184 [poisoned by a tengu reaver (blast of poison)]
 38454 | Vaults:5 | Identified a +0 rapier
 38454 | Vaults:5 | Identified a +0 leather armour
 38456 | Vaults:5 | Received a gift from Trog
 38456 | Vaults:5 | Reached skill level 20 in Fighting
 38458 | Vaults:5 | Identified a +0 dire flail
 38458 | Vaults:5 | Identified a cursed -1 dire flail
 38467 | Vaults:5 | Identified a +3 glaive of freezing
 38467 | Vaults:5 | Identified a +0 arbalest
 38467 | Vaults:5 | Identified a +0 plate armour
 38473 | Vaults:5 | Identified a +0 glaive
 38473 | Vaults:5 | Identified a +0 arbalest
 38473 | Vaults:5 | Identified a +0 chain mail
 38599 | Vaults:5 | Identified a +2 halberd of venom
 38696 | Vaults:5 | Identified a +1 great mace of crushing
 38696 | Vaults:5 | Identified a +0 arbalest
 38696 | Vaults:5 | Identified a +0 chain mail
 38696 | Vaults:5 | Identified a +2 battleaxe of freezing
 38702 | Vaults:5 | Identified a +2 morningstar of holy wrath
 38702 | Vaults:5 | Identified a +0 arbalest
 38719 | Vaults:5 | Received a gift from Trog
 38732 | Vaults:5 | HP: 68/277 [something/iron shot (58)]
 38732 | Vaults:5 | Identified a +0 dire flail
 38732 | Vaults:5 | Identified a +0 great mace
 38737 | Vaults:5 | Killed Boris
 38737 | Vaults:5 | Reached skill level 23 in Armour
 38741 | Vaults:5 | Reached XP level 20. HP: 74/193 MP: 19/19
 38743 | Vaults:5 | HP: 65/289 [cyan very ugly thing (10)]
 38754 | Vaults:5 | Identified a +2 great mace of draining
 38754 | Vaults:5 | Identified a +0 plate armour
 38755 | Vaults:5 | Identified a +0 battleaxe of chopping
 38755 | Vaults:5 | Identified a +0 chain mail
 38757 | Vaults:5 | Identified a +0 dagger
 38757 | Vaults:5 | Identified a +0 robe
 38759 | Vaults:5 | Identified a +0 dire flail
 38759 | Vaults:5 | Identified a cursed +0 leather armour
 38762 | Vaults:5 | Identified a +0 great mace
 38762 | Vaults:5 | Identified a +0 ring mail
 38762 | Vaults:5 | Identified a +0 rapier
 38766 | Vaults:5 | Identified a +0 giant club
 38770 | Vaults:5 | Received a gift from Trog
 38770 | Vaults:5 | Identified a +0 halberd
 38771 | Vaults:5 | Identified a cursed -2 giant spiked club
 38778 | Vaults:5 | Identified a +0 giant club
 38788 | Vaults:5 | Identified a +0 mace
 38788 | Vaults:5 | Identified a +0 plate armour
 38789 | Vaults:5 | HP: 21/195 [deep elf death mage/bolt of negative energy[an
                  | ironheart preserver] (32)]
 38791 | Vaults:5 | Identified the Volume of the New World
 38791 | Vaults:5 | Identified a +0 short sword of speed
 38791 | Vaults:5 | Identified a +0 dire flail
 38791 | Vaults:5 | Identified a +0 chain mail
 38794 | Vaults:5 | Identified a +0 giant spiked club
 38795 | Vaults:5 | Identified a +0 battleaxe
 38795 | Vaults:5 | Identified a +0 plate armour
 38804 | Vaults:5 | Identified a +0 dagger
 38804 | Vaults:5 | Identified a +0 arbalest
 38804 | Vaults:5 | Identified a +0 trident of freezing
 38804 | Vaults:5 | Identified a +0 chain mail
 38804 | Vaults:5 | Identified a +0 dagger
 38804 | Vaults:5 | Identified a +0 robe
 38804 | Vaults:5 | Identified a +0 hand axe
 38804 | Vaults:5 | Identified a +0 robe
 38804 | Vaults:5 | Identified a +0 scimitar
 38804 | Vaults:5 | Identified a +0 plate armour
 38804 | Vaults:5 | Identified a +0 war axe
 38804 | Vaults:5 | Identified a +0 battleaxe of chopping
 38804 | Vaults:5 | Identified a +1 chain mail of cold resistance
 38804 | Vaults:5 | Identified a +0 dire flail
 38804 | Vaults:5 | Identified a +0 chain mail
 38804 | Vaults:5 | Identified a +2 bardiche
 38804 | Vaults:5 | Identified a +2 arbalest of velocity
 38804 | Vaults:5 | Identified a +0 plate armour
 38806 | Vaults:5 | Identified a +0 leather armour
 38807 | Vaults:5 | HP: 28/195 [deep elf high priest/damnation (38)]
 38809 | Vaults:5 | Identified a +2 long sword of electrocution
 38809 | Vaults:5 | Noticed a deep elf sorcerer
 38813 | Vaults:5 | Identified the +11 spear "Cacwaticooch" {freeze, rPois
                  | Int+4 Stlth+}
 38814 | Vaults:5 | HP: 38/195 [deep elf high priest/divine providence (16)]
 38819 | Vaults:5 | Identified a +0 giant club
 38820 | Vaults:5 | Identified a +0 morningstar
 38820 | Vaults:5 | Identified a +0 arbalest
 38820 | Vaults:5 | Identified a +0 ring mail
 38824 | Vaults:5 | Identified a +0 great mace
 38824 | Vaults:5 | Identified a +0 ring mail
 38824 | Vaults:5 | Identified the ring "Fudekke" {rC+ Int+2 Dex+4}
 38824 | Vaults:5 | Identified a +0 rapier
 38824 | Vaults:5 | Identified a +0 leather armour
 38825 | Vaults:5 | Identified a +0 dagger
 38835 | Vaults:5 | Identified a +0 long sword
 38835 | Vaults:5 | Noticed a deep elf sorcerer
 38843 | Vaults:5 | Identified a +0 great mace
 38843 | Vaults:5 | Identified a +0 ring mail
 38860 | Vaults:5 | Identified a +0 dagger
 38860 | Vaults:5 | Identified a +0 robe
 38861 | Vaults:5 | Identified a +0 giant spiked club
 38870 | Vaults:5 | Killed a deep elf sorcerer
 38895 | Vaults:5 | Identified a +0 robe
 38905 | Vaults:5 | Identified a +0 giant club
 38905 | Vaults:5 | Identified a +0 giant club
 39064 | Vaults:5 | Identified an amulet of guardian spirit (You found it on
                  | level 5 of the Vaults)
 39085 | Vaults:5 | Identified a +0 arbalest
 39165 | Vaults:5 | Identified a +1 battleaxe of freezing
 39196 | Vaults:5 | Identified a +5 glaive of venom
 39196 | Vaults:5 | Identified a +0 robe
 39264 | Vaults:5 | Identified a +1 flail of protection
 39264 | Vaults:5 | Identified a +0 robe
 39264 | Vaults:5 | Identified an uncursed amulet of the acrobat
 39265 | Vaults:5 | Identified a +0 giant club
 39265 | Vaults:5 | Identified a +0 giant club
 39265 | Vaults:5 | Identified a +0 giant club
 39265 | Vaults:5 | Identified a +0 giant club
 39265 | Vaults:5 | Identified a +0 giant club
 39265 | Vaults:5 | Identified a +0 giant spiked club
 39266 | Vaults:5 | Identified a +0 great mace of crushing
 39266 | Vaults:5 | Identified a +0 shortbow of flaming
 39266 | Vaults:5 | Identified a +0 ring mail
 39312 | Vaults:5 | Identified a +0 rapier
 39316 | Vaults:5 | Identified a +0 long sword
 39316 | Vaults:5 | Identified a +0 shortbow
 39316 | Vaults:5 | Identified a +0 scale mail
 39318 | Vaults:5 | Identified an uncursed ring of see invisible
 39458 | Vaults:5 | Identified a +0 war axe
 39458 | Vaults:5 | Identified a +0 chain mail
 39478 | Vaults:5 | Reached skill level 21 in Fighting
 39496 | Vaults:5 | Identified a +0 dire flail
 39496 | Vaults:5 | Identified a +0 dire flail
 39499 | Vaults:5 | Identified a +0 great sword
 39499 | Vaults:5 | Identified a +0 chain mail
 39500 | Vaults:5 | Killed a deep elf sorcerer
 39508 | Vaults:5 | Identified a +1 trident of protection
 39508 | Vaults:5 | Identified a +0 plate armour of cold resistance
 39511 | Vaults:5 | Received a gift from Trog
 39545 | Vaults:5 | Identified a +0 trident
 39642 | Vaults:5 | Identified a +0 scale mail
 39691 | Vaults:5 | Identified a +0 flail
 39691 | Vaults:5 | Identified a +0 ring mail
 39691 | Vaults:5 | Identified a +0 great mace
 39691 | Vaults:5 | Identified a +0 scale mail
 39691 | Vaults:5 | Identified the ring "Hel Udos" {rC+ Str+4}
 39705 | Vaults:5 | Identified a +0 mace
 39927 | Vaults:5 | Identified a +1 arbalest of freezing
 39931 | Vaults:5 | Identified a +0 arbalest
 39931 | Vaults:5 | Identified a +0 dagger
 39931 | Vaults:5 | Identified a +0 arbalest
 40075 | Vaults:5 | Identified a +0 spear
 40075 | Vaults:5 | Identified a +0 robe
 40079 | Vaults:5 | Received a gift from Trog
 40096 | Vaults:5 | Identified a +0 giant club
 40102 | Vaults:5 | Identified a +0 giant club
 40102 | Vaults:5 | Identified a cursed -2 giant club
 40128 | Vaults:5 | Reached skill level 24 in Armour
 40186 | Vaults:5 | Identified a +0 long sword of freezing
 40203 | Vaults:5 | Identified a +0 morningstar
 40203 | Vaults:5 | Identified a cursed +0 ring mail
 40209 | Vaults:5 | Identified a +0 great sword
 40209 | Vaults:5 | Identified a +0 arbalest
 40209 | Vaults:5 | Identified a +0 plate armour
 40216 | Vaults:5 | Identified a +0 dire flail
 40216 | Vaults:5 | Identified a +0 dire flail
 40218 | Vaults:5 | Identified a +2 long sword of draining
 40218 | Vaults:5 | Identified a +0 scale mail
 40218 | Vaults:5 | Identified a +1 buckler of protection
 40225 | Vaults:5 | Identified a +0 long sword
 40225 | Vaults:5 | Identified a +0 leather armour
 40247 | Vaults:5 | Identified a +0 long sword
 40248 | Vaults:5 | Identified a +0 robe
 40264 | Vaults:5 | Identified a +0 giant club
 40264 | Vaults:5 | Identified a +0 dire flail
 40271 | Vaults:5 | Killed a deep elf sorcerer
 40281 | Vaults:5 | Identified a +0 giant club
 40281 | Vaults:5 | Identified a +0 giant club
 40391 | Vaults:5 | Noticed a golden dragon
 40405 | Vaults:5 | Killed a golden dragon
 40415 | Vaults:5 | Identified a +0 long sword
 40415 | Vaults:5 | Identified a +0 scale mail
 40483 | Vaults:5 | Identified a +1 great sword of flaming
 40500 | Vaults:5 | Reached skill level 22 in Fighting
 40509 | Vaults:5 | Received a gift from Trog
 40509 | Vaults:5 | Identified quicksilver dragon scales
 40607 | Vaults:5 | Identified a +0 great mace
 40607 | Vaults:5 | Identified a cursed -2 hunting sling
 40607 | Vaults:5 | Identified a +0 leather armour
 40744 | Vaults:5 | Identified a +0 troll leather armour
 40744 | Vaults:5 | Reached XP level 21. HP: 202/207 MP: 20/20
 40782 | Vaults:5 | Identified a +0 scimitar
 40782 | Vaults:5 | Identified a +0 scale mail
 40849 | Vaults:5 | Identified a +0 giant club
 40849 | Vaults:5 | Identified a +0 giant club
 40850 | Vaults:5 | Identified a +0 dire flail
 40850 | Vaults:5 | Identified a +0 ring mail
 40851 | Vaults:5 | Identified a +0 long sword
 40851 | Vaults:5 | Identified a +0 scale mail
 40855 | Vaults:5 | Identified a +3 flail
 40855 | Vaults:5 | Identified a +0 robe
 40855 | Vaults:5 | Identified a +0 giant spiked club
 40912 | Vaults:5 | Identified a +0 halberd
 40912 | Vaults:5 | Identified a +0 plate armour
 40913 | Vaults:5 | Identified a +0 long sword
 40913 | Vaults:5 | Identified a +0 leather armour
 40913 | Vaults:5 | Noticed a deep elf demonologist
 40926 | Vaults:5 | Noticed a Brimstone Fiend
 40927 | Vaults:5 | Killed a deep elf demonologist
 40956 | Vaults:5 | Got a silver rune of Zot
 41038 | Vaults:5 | Identified a +0 dire flail
 41038 | Vaults:5 | Identified a +0 ring mail
 41038 | Vaults:5 | Identified a +0 war axe
 41038 | Vaults:5 | Identified a +0 plate armour
 41039 | Vaults:5 | Identified a cursed -3 arbalest
 41039 | Vaults:5 | Identified a +0 arbalest
 41455 | Vaults:1 | Bought a manual of Fighting for 1545 gold pieces
 41524 | D:15     | Entered Level 15 of the Dungeon
 41559 | D:15     | Identified a +0 flail
 41559 | D:15     | Identified a +4 war axe
 41559 | D:15     | Identified a +0 plate armour
 41560 | D:15     | Identified a +0 hand axe
 41564 | D:15     | Identified a cursed +1 dagger of venom
 41564 | D:15     | Identified a +0 robe
 41565 | D:15     | Identified a cursed +3 halberd
 41565 | D:15     | Identified a +0 robe
 41568 | D:15     | Identified a +2 mace
 41568 | D:15     | Identified a +0 robe
 41569 | D:15     | Identified a +3 long sword
 41569 | D:15     | Identified a +0 robe
 42094 | D:15     | Identified a +0 giant spiked club
 42094 | D:15     | Identified a +0 giant club
 42214 | D:15     | Identified a +0 giant spiked club
 42214 | D:15     | Identified a +0 giant club
 42271 | D:15     | Identified a +0 great sword
 42271 | D:15     | Identified a cursed +0 ring mail
 42286 | D:15     | Identified a +0 shortbow
 42322 | D:15     | Identified a +0 halberd
 42348 | D:15     | Found a staircase to the Depths.
 42383 | D:15     | Received a gift from Trog
 42610 | Depths:1 | Entered Level 1 of the Depths
 42629 | Depths:1 | Reached skill level 23 in Fighting
 42629 | Depths:1 | Reached skill level 25 in Armour
 42635 | Depths:1 | Identified a +0 troll leather armour
 42735 | Depths:1 | Identified a +2 battleaxe of freezing
 42812 | Depths:1 | Identified a ring of intelligence (You found it on level 1
                  | of the Depths)
 42925 | Depths:1 | Paralysed by a floating eye for 2 turns
 42945 | Depths:1 | Identified a +0 arbalest
 42962 | Depths:1 | Identified a cursed -2 arbalest
 43033 | Depths:1 | Identified a +0 dagger
 43033 | Depths:1 | Identified a +0 robe
 43065 | Depths:1 | Identified +0 ice dragon scales
 43083 | Depths:1 | Identified a +0 arbalest
 43084 | Depths:1 | Identified a +0 whip
 43084 | Depths:1 | Identified a +1 robe of fire resistance
 43084 | Depths:1 | Identified a +0 arbalest
 43084 | Depths:1 | Identified a +0 arbalest
 43085 | Depths:1 | Identified a +0 arbalest
 43085 | Depths:1 | Identified a +0 arbalest
 43085 | Depths:1 | Identified a +0 arbalest
 43101 | Depths:1 | Received a gift from Trog
 43290 | Depths:1 | Identified a +2 great sword of flaming
 43381 | Depths:1 | Identified a +0 giant club
 43381 | Depths:1 | Identified a +0 giant club
 43381 | Depths:1 | Identified a +0 giant club
 43381 | Depths:1 | Identified a +0 giant spiked club
 43382 | Depths:1 | Identified a +0 club
 43382 | Depths:1 | Identified a +0 robe
 43383 | Depths:1 | Identified a +0 giant club
 43383 | Depths:1 | Identified a +0 dire flail
 43383 | Depths:1 | Identified a +0 giant club
 43383 | Depths:1 | Identified a +0 giant club
 43383 | Depths:1 | Identified a +0 giant club
 43383 | Depths:1 | Identified a +0 giant spiked club
 43487 | Depths:1 | Found a gateway to Hell.
 43515 | Depths:1 | Identified a +0 trident
 43515 | Depths:1 | Identified a +0 robe
 43588 | Depths:2 | Found Puatular's Antique Weapon Shoppe.
 43588 | Depths:2 | Found Elu Touvoati's Magic Scroll Shoppe.
 43588 | Depths:2 | Found Joaxieck's Magic Scroll Shoppe.
 43588 | Depths:2 | Identified a +2 robe of magic resistance
 43588 | Depths:2 | Noticed Boris
 43598 | Depths:2 | Identified a +0 shortbow
 43771 | Depths:2 | Identified a +0 dagger
 43771 | Depths:2 | Identified a +0 robe
 43819 | Depths:2 | Killed Boris
 43918 | Depths:2 | Bought a scroll of identify for 40 gold pieces
 43918 | Depths:2 | Bought a scroll of enchant weapon for 150 gold pieces
 43918 | Depths:2 | Bought a scroll of identify for 40 gold pieces
 43918 | Depths:2 | Bought a scroll of enchant armour for 150 gold pieces
 43923 | Depths:2 | Bought a scroll of enchant weapon for 150 gold pieces
 43944 | Depths:2 | Bought a scroll of identify for 28 gold pieces
 43944 | Depths:2 | Bought a scroll of identify for 28 gold pieces
 43944 | Depths:2 | Bought a scroll of identify for 28 gold pieces
 43944 | Depths:2 | Bought a scroll of magic mapping for 49 gold pieces
 43944 | Depths:2 | Bought a scroll of identify for 28 gold pieces
 43944 | Depths:2 | Bought a scroll of identify for 28 gold pieces
 43945 | Depths:2 | Identified a +0 war axe
 43945 | Depths:2 | Identified a +0 ring mail
 43945 | Depths:2 | Identified a +0 shield
 43948 | Depths:2 | Identified a +2 long sword
 43948 | Depths:2 | Identified a +0 leather armour
 43948 | Depths:2 | Identified a +0 buckler
 43961 | Depths:2 | Identified +0 ice dragon scales
 43971 | Depths:2 | Reached skill level 24 in Fighting
 44108 | Depths:2 | Identified a +1 great sword of flaming
 44155 | Depths:2 | Identified a +0 giant club
 44155 | Depths:2 | Identified a +0 giant club
 44155 | Depths:2 | Identified a +0 giant club
 44155 | Depths:2 | Identified a +0 giant club
 44157 | Depths:2 | Identified a cursed -1 giant club
 44157 | Depths:2 | Identified a +0 giant club
 44157 | Depths:2 | Identified a +0 giant spiked club
 44157 | Depths:2 | Identified a +0 spear
 44157 | Depths:2 | Identified a +0 robe
 44158 | Depths:2 | Found Kaeveylu's Food Emporium.
 44158 | Depths:2 | Identified a cursed -3 arbalest
 44159 | Depths:2 | Identified a +0 trident
 44159 | Depths:2 | Identified a +0 robe
 44200 | Depths:2 | Found a transporter.
 44212 | Depths:2 | Identified a +0 arbalest
 44213 | Depths:2 | Identified a +0 whip
 44213 | Depths:2 | Identified a +0 robe
 44213 | Depths:2 | Identified a +0 arbalest
 44227 | Depths:2 | Identified a +0 arbalest
 44234 | Depths:2 | Identified a +0 arbalest
 44264 | Depths:2 | Identified a +0 longbow
 44264 | Depths:2 | Identified a +0 shortbow
 44264 | Depths:2 | Identified a +0 shortbow
 44264 | Depths:2 | Identified a +0 shortbow
 44320 | Depths:2 | Identified a +2 demon whip of venom
 44335 | Depths:2 | Received a gift from Trog
 44586 | Depths:2 | Found a transporter.
 44588 | Depths:2 | Identified a +0 longbow
 44589 | Depths:2 | Found a transporter.
 44589 | Depths:2 | Identified a +1 antimagic rapier
 44589 | Depths:2 | Identified a cursed +0 animal skin
 44620 | Depths:2 | Found Ramium's General Store.
 44666 | Depths:2 | Noticed a lich
 44668 | Depths:2 | Identified a +0 war axe
 44668 | Depths:2 | Identified a +0 arbalest
 44668 | Depths:2 | Identified a +3 leather armour
 44668 | Depths:2 | Identified a +0 dire flail
 44668 | Depths:2 | Identified a +0 dire flail
 44680 | Depths:2 | Found a transporter.
 44680 | Depths:2 | Found a transporter.
 44684 | Depths:2 | Identified a +1 vampiric long sword
 44695 | Depths:2 | Identified a +0 great mace
 44695 | Depths:2 | Identified a +0 dire flail
 44803 | Depths:3 | Noticed a golden dragon
 44803 | Depths:3 | Noticed a golden dragon
 44803 | Depths:3 | Noticed a juggernaut
 44826 | Depths:2 | Killed a golden dragon
 45143 | Depths:3 | Identified a +0 troll leather armour
 45220 | Depths:3 | Identified a +0 dire flail
 45220 | Depths:3 | Identified a +0 chain mail
 45220 | Depths:3 | Identified a +0 dire flail
 45220 | Depths:3 | Identified a +0 dire flail
 45225 | Depths:3 | Identified a cursed -2 dagger
 45225 | Depths:3 | Identified a +0 robe
 45375 | Depths:3 | Identified a +0 dire flail
 45375 | Depths:3 | Identified a +0 giant spiked club
 45376 | Depths:3 | Identified a +0 giant club
 45378 | Depths:3 | Identified a +0 giant club
 45378 | Depths:3 | Identified a +0 giant club
 45379 | Depths:3 | Identified a +0 flail
 45379 | Depths:3 | Identified a +0 robe
 45379 | Depths:3 | Identified a cursed -2 giant club
 45379 | Depths:3 | Identified a cursed -2 dire flail
 45379 | Depths:3 | Identified a cursed -3 giant club
 45379 | Depths:3 | Identified a cursed -3 giant club
 45388 | Depths:3 | Reached skill level 25 in Fighting
 45391 | Depths:3 | Reached XP level 22. HP: 220/225 MP: 21/21
 45507 | Depths:3 | Identified a +0 robe
 46203 | Depths:3 | Reached skill level 26 in Armour
 46226 | Depths:3 | Identified a +0 trident
 46226 | Depths:3 | Identified a +2 leather armour of poison resistance
 46276 | Depths:3 | Identified a +0 troll leather armour
 46281 | Depths:3 | Identified a +0 troll leather armour
 46351 | Depths:3 | Found a one-way gate leading to the halls of Pandemonium.
 46351 | Depths:3 | Identified a +3 scythe of venom
 46352 | Depths:3 | Identified a +2 mace of crushing
 46352 | Depths:3 | Identified a +0 scale mail
 46394 | Depths:3 | Identified a +0 arbalest
 46435 | Depths:3 | Found a one-way gate to the infinite horrors of the Abyss.
 46547 | Depths:3 | Identified a +0 spear
 46547 | Depths:3 | Identified a +0 leather armour
 46696 | Depths:4 | Identified a +0 dire flail
 46696 | Depths:4 | Identified a +0 great mace
 46696 | Depths:4 | Identified a +0 arbalest
 46696 | Depths:4 | Identified a +0 arbalest
 46696 | Depths:4 | Identified a +0 arbalest of velocity
 46696 | Depths:4 | Identified a +0 arbalest
 46696 | Depths:4 | Identified a +0 arbalest
 46723 | Depths:4 | Received a gift from Trog
 46931 | Depths:4 | Identified a +0 robe
 47212 | Depths:4 | Identified a +1 battleaxe of freezing
 47217 | Depths:4 | Identified a +0 troll leather armour
 47229 | Depths:4 | Received a gift from Trog
 47231 | Depths:4 | Identified a +1 battleaxe of freezing
 47270 | Depths:4 | Identified a +0 trident
 47436 | Depths:4 | Found Uhoo's Antique Weapon Shop.
 47640 | Depths:4 | Identified a +0 trident
 47738 | Depths:5 | Entered Level 5 of the Depths
 47738 | Depths:5 | Identified a +0 great mace
 47738 | Depths:5 | Identified a +0 ring mail
 47740 | Depths:5 | Identified a +0 bardiche
 47740 | Depths:5 | Identified a +0 arbalest
 47740 | Depths:5 | Identified a +0 leather armour
 47742 | Depths:5 | Identified a cursed +0 robe
 47856 | Depths:5 | Identified a +0 spear
 47856 | Depths:5 | Identified a +2 buckler
 47857 | Depths:5 | Identified a +0 flail
 47857 | Depths:5 | Identified a +0 animal skin
 47859 | Depths:5 | Identified a +0 spear
 47859 | Depths:5 | Identified a cursed -3 blowgun
 47950 | Depths:5 | Identified a +0 trident
 48004 | Depths:5 | Identified a +0 flail
 48006 | Depths:5 | Identified a +0 war axe
 48007 | Depths:5 | Identified a +0 trident
 48013 | Depths:5 | Identified a +1 glaive of chopping
 48014 | Depths:5 | Identified a +0 spear
 48014 | Depths:5 | Identified a +0 buckler
 48015 | Depths:5 | Identified a +0 war axe
 48015 | Depths:5 | Identified a +0 animal skin
 48015 | Depths:5 | Identified a +0 robe
 48016 | Depths:5 | Identified a +0 robe
 48023 | Depths:5 | Noticed a golden dragon
 48025 | Depths:5 | Reached skill level 26 in Fighting
 48039 | Depths:5 | Identified a +0 short sword
 48041 | Depths:5 | Identified a +0 great sword of flaming
 48044 | Depths:5 | Killed a golden dragon
 48044 | Depths:5 | Identified +0 gold dragon scales
 48189 | Depths:5 | Identified a +0 dire flail
 48189 | Depths:5 | Identified a +0 great mace
 48206 | Depths:5 | Found Ykeozaut's Jewellery Boutique.
 48209 | Depths:5 | Found Ywo Esag's Jewellery Shop.
 48211 | Depths:5 | Found Bigaumn's Distillery.
 48217 | Depths:5 | Bought the amulet "Riphos" {Spirit rF+ rC+ MR+} for 905
                  | gold pieces
 48359 | Depths:5 | Found a gateway to a ziggurat.
 48411 | Depths:5 | Identified a +0 halberd
 48411 | Depths:5 | Identified a +0 war axe
 48604 | Depths:5 | Identified a +0 halberd
 48605 | Depths:5 | Identified a +0 hand axe
 48615 | Depths:5 | Identified a +0 battleaxe
 48628 | Depths:5 | Identified a cursed +0 cloak
 48704 | Depths:5 | Identified a +0 rapier
 48704 | Depths:5 | Identified a +0 cloak
 48737 | Depths:5 | Identified a +0 cloak
 48741 | Depths:5 | Received a gift from Trog
 48776 | Depths:5 | Identified a +0 battleaxe
 48776 | Depths:5 | Identified a +0 battleaxe
 48777 | Depths:5 | Identified a +0 flail
 48777 | Depths:5 | Identified a +0 mace
 48777 | Depths:5 | Identified a +0 long sword
 48777 | Depths:5 | Identified a +0 cloak
 48777 | Depths:5 | Identified a +6 rapier of holy wrath
 48778 | Depths:5 | Identified a +0 long sword
 48778 | Depths:5 | Identified a +0 cloak
 48786 | Depths:5 | Identified a +0 trident
 48820 | Depths:5 | Reached skill level 27 in Armour
 48919 | Depths:5 | Identified a +5 eveningstar of draining
 48919 | Depths:5 | Identified a +0 cloak
 48919 | Depths:5 | Identified the ring of the Catfish {rF+ rC++}
 48931 | Depths:5 | Identified a +0 war axe
 48931 | Depths:5 | Identified a +0 cloak
 48939 | Depths:5 | Received a gift from Trog
 49101 | Depths:5 | Found a gate to the Realm of Zot.
 49121 | Depths:5 | Identified a +0 war axe
 49122 | Depths:5 | Identified a +0 cloak
 49122 | Depths:5 | Identified a +1 cloak
 49122 | Depths:5 | Identified a +0 halberd
 49124 | Depths:5 | Identified a +0 war axe
 49125 | Depths:5 | Identified a +0 battleaxe
 49187 | Depths:5 | Identified the +0 pair of gloves of the Known World {rF+
                  | Int+2} (You found it on level 5 of the Depths)
 49375 | Zot:1    | Entered Level 1 of the Realm of Zot
 49729 | Zot:4    | Identified +0 shadow dragon scales
 49739 | Zot:4    | Identified +0 storm dragon scales
 49745 | Zot:4    | Reached XP level 23. HP: 219/239 MP: 19/22
 49752 | Zot:4    | Reached skill level 27 in Fighting
 49825 | Zot:4    | Identified +0 storm dragon scales
 49841 | Zot:4    | Reached skill level 11 in Dodging
 50109 | Zot:4    | Identified a +0 halberd
 50153 | Zot:4    | Reached skill level 12 in Dodging
 50156 | Zot:4    | Identified a +2 vampiric halberd
 50156 | Zot:4    | Identified a +0 cloak
 50189 | Zot:4    | Identified a +3 long sword of protection
 50189 | Zot:4    | Identified a +0 cloak
 50197 | Zot:4    | Noticed an ancient lich
 50199 | Zot:4    | Identified a +0 battleaxe
 50207 | Zot:4    | Killed an ancient lich
 50209 | Zot:4    | Identified a +3 scimitar
 50292 | Zot:4    | Identified a +0 halberd
 50311 | Zot:4    | Identified +0 shadow dragon scales
 50312 | Zot:4    | Identified a +12 club of electrocution
 50312 | Zot:4    | Noticed a Killer Klown
 50337 | Zot:4    | Killed a Killer Klown
 50482 | Zot:5    | Entered Level 5 of the Realm of Zot
 50490 | Zot:5    | Identified quicksilver dragon scales
 50501 | Zot:5    | Identified +0 storm dragon scales
 50501 | Zot:5    | Reached skill level 22 in Maces & Flails
 50621 | Zot:5    | Reached skill level 13 in Dodging
 50764 | Zot:5    | Received a gift from Trog
 50777 | Zot:5    | Identified a +0 scimitar
 50777 | Zot:5    | Identified a +0 cloak
 50779 | Zot:5    | HP: 53/240 [quicksilver dragon/bolt of dispelling energy
                  | (41)]
 50781 | Zot:5    | Noticed an orb of fire
 50783 | Zot:5    | Noticed an orb of fire
 50784 | Zot:5    | HP: 41/360 [Orb Guardian (12)]
 50786 | Zot:5    | Demolished by an Orb Guardian

Table legend:
 A = Turns spent in this place as a percentage of turns spent in the entire game.
 B = Non-inter-level travel turns spent in this place as a percentage of non-inter-level travel turns spent in the entire game.
 C = Inter-level travel turns spent in this place as a percentage of turns spent in this place.
 D = Turns resting spent in this place as a percentage of non-inter-level travel turns spent in this place.
 E = Turns spent auto-exploring this place as a percentage of non-inter-level travel turns spent in this place.
 F = Non-inter-level travel turns spent in this place divided by the number of levels of this place that you've seen.
                   A       B       C       D       E      F
               +-------+-------+-------+-------+-------+----------------------
         Total | 100.0 | 100.0 |   9.1 |  20.1 |  49.9 | 962.1
       Dungeon |  30.2 |  29.5 |  11.1 |  16.2 |  58.9 | 908.2
          Lair |  17.1 |  16.3 |  13.2 |  20.9 |  54.4 | 1253.0
         Swamp |   4.2 |   4.2 |  10.0 |  23.2 |  39.8 | 484.2
   Spider Nest |   7.2 |   7.2 |   9.4 |  15.5 |  46.9 | 830.8
  Orcish Mines |   4.4 |   4.3 |  10.1 |   7.7 |  64.1 | 995.0
        Vaults |  19.0 |  19.4 |   7.2 |  20.5 |  45.4 | 1792.8
        Depths |  12.4 |  13.0 |   4.4 |  26.3 |  47.8 | 1203.6
           Zot |   2.8 |   3.1 |   0.0 |  40.0 |  10.7 | 282.2
      Ice Cave |   1.3 |   1.5 |   0.0 |  33.2 |  11.7 | 675.0
        Wizlab |   1.4 |   1.6 |   0.0 |  22.8 |  21.9 | 723.0
               +-------+-------+-------+-------+-------+----------------------

Table legend:
 A = Kills in this place as a percentage of kills in entire the game.
 B = Kills by you in this place as a percentage of kills by you in the entire game.
 C = Kills by friends in this place as a percentage of kills by friends in the entire game.
 D = Other kills in this place as a percentage of other kills in the entire game.
 E = Experience gained in this place as a percentage of experience gained in the entire game.
 F = Experience gained in this place divided by the number of levels of this place that you have seen.
                   A       B       C       D       E      F
               +-------+-------+-------+-------+-------+----------------------
         Total | 100.0 | 100.0 | 100.0 | 100.0 | 100.0 | 19415.0
       Dungeon |  27.4 |  27.9 |  17.0 |  33.3 |   8.2 | 5103.3
          Lair |   8.9 |   9.0 |   6.8 |   0.0 |   5.9 | 9139.7
         Swamp |   4.5 |   4.7 |   0.0 |   0.0 |   5.4 | 12690.8
   Spider Nest |  11.8 |  11.6 |  15.9 |   0.0 |   7.9 | 18430.0
  Orcish Mines |   7.9 |   6.8 |  29.5 |   0.0 |   2.7 | 12626.5
        Vaults |  22.1 |  22.0 |  25.0 |   0.0 |  33.6 | 62652.8
        Depths |  12.3 |  12.8 |   2.3 |  33.3 |  22.2 | 41296.0
           Zot |   2.5 |   2.5 |   2.3 |   0.0 |  11.1 | 20641.0
      Ice Cave |   1.2 |   1.2 |   1.1 |   0.0 |   0.9 | 8042.0
        Wizlab |   1.6 |   1.6 |   0.0 |  33.3 |   2.1 | 19808.0
               +-------+-------+-------+-------+-------+----------------------

Skill      XL: |  1  2  3  4  5  6  7  8  9 10 11 12 13 14 15 16 17 18 19 20 21 22 23 |
---------------+----------------------------------------------------------------------+-----
Maces & Flails | 4 5 6 7 8 10 11 13 14 18 21 22 | 22.2
Armour         | 3 4 5 6 8 10 11 12 14 15 16 17 19 21 23 24 25 27 | 27.0
Slings         | 4 6 9 10 12 13 | 13.2
Shields        | 4 5 |  5.0
Fighting       | 4 7 10 12 13 16 18 20 22 25 26 27 | 27.0
Dodging        | 3 6 9 10 13 | 13.3

Action                   |  1- 3 |  4- 6 |  7- 9 | 10-12 | 13-15 | 16-18 | 19-21 | 22-24 || total
-------------------------+-------+-------+-------+-------+-------+-------+-------+-------++-------
Melee: Mace              |    60 |    88 |       |       |       |       |       |       ||   148
       Headbutt          |     7 |    40 |    92 |   167 |   491 |   500 |   532 |   284 ||  2113
       Flail             |       |   116 |   461 |   771 |  1279 |       |       |       ||  2627
       Great mace        |       |       |       |       |   653 |   309 |       |       ||   962
       Demon whip        |       |       |       |       |       |  1584 |  1751 |   912 ||  4247
 Fire: Hunting sling     |       |       |     6 |    43 |    19 |   134 |     8 |     1 ||   211
Invok: Berserk           |     1 |     1 |     4 |     8 |     3 |       |     2 |     1 ||    20
       Trog's Hand       |       |       |       |     1 |     6 |     4 |     8 |     4 ||    23
       Brothers in Arms  |       |       |       |       |     6 |     8 |    13 |     2 ||    29
 Abil: Evoke Ratskin     |       |       |     1 |       |     3 |       |       |       ||     4
Evoke: Wand              |       |       |       |       |       |     2 |       |     1 ||     3
  Use: Potion            |     1 |       |       |       |     2 |     1 |     8 |     5 ||    17
       Scroll            |       |    15 |     2 |     8 |    22 |    19 |    19 |     6 ||    91
 Stab: Distracted        |       |       |       |       |     1 |     2 |     3 |       ||     6
       Held in net/web   |       |       |       |       |       |     1 |       |       ||     1
       Petrifying        |       |       |       |       |       |       |     1 |       ||     1
  Eat: Chunk             |     2 |     4 |    16 |    19 |    34 |    22 |    15 |    11 ||   123
       Ration            |       |     1 |       |     3 |     5 |     4 |     8 |     2 ||    23
Armor: Animal skin       |    11 |       |       |       |       |       |       |       ||    11
       Chain mail        |     6 |   129 |   114 |       |       |       |       |       ||   249
       Plate armour      |       |       |   197 |   375 |     2 |       |       |       ||   574
       Crystal plate arm |       |       |       |       |  1501 |  1550 |  1112 |   579 ||  4742
Dodge: Dodged            |    28 |    91 |   187 |   195 |   697 |   789 |   585 |   332 ||  2904
Block: Buckler           |       |       |       |   114 |   278 |   304 |   404 |   169 ||  1269

Vanquished Creatures
  An ancient lich (Zot:4)
  the Lernaean hydra (Swamp:4)
  Boris (twice) (Vaults:5 Depths:2)
  A Killer Klown (Zot:4)
  Nikola (Swamp:4)
  5 golden dragons
  An electric golem (Zot:1)
  A Cloud Mage (WizLab)
  8 tentacled monstrosities
  3 quicksilver dragons
  4 Orb Guardians (Zot:5)
  6 titans
  Gastronok (Lair:1)
  2 sphinxes
  2 thorn hunters
  6 death cobs
  7 shadow dragons
  A tengu reaver (Vaults:5)
  4 draconian monks (Depths:5)
  7 storm dragons
  4 frost giants
  A draconian knight (Zot:4)
  5 fire giants
  4 deep elf sorcerers
  A ghost moth (Spider:4)
  A draconian scorcher (Zot:4)
  2 orc warlords
  9 emperor scorpions
  13 vault wardens
  2 deep elf elementalists (Vaults:5)
  A draconian stormcaller (Depths:5)
  A balrug (Depths:2)
  A reaper (Depths:3)
  4 draconian annihilators (Depths:5)
  14 ironheart preservers
  13 very ugly things
  8 stone giants
  2 deep elf demonologists
  3 entropy weavers
  A vampire knight (Depths:3)
  6 green draconians (Depths:5)
  A yellow draconian (Zot:4)
  9 red draconians
  A dire elephant (D:15)
  2 deep elf annihilators
  A white draconian (Depths:5)
  A dire elephant (shapeshifter) (Vaults:5)
  6 purple draconians
  8 spark wasps
  9 ettins
  A merfolk javelineer (Depths:3)
  A merfolk impaler (Depths:3)
  8 fire dragons
  A blizzard demon (WizLab)
  Snorg (D:10)
  3 deep elf death magi
  9 yaktaur captains
  2 deep elf high priests (Vaults:5)
  4 jiangshi
  An eidolon (Vaults:2)
  Josephine (Orc:1)
  3 great orbs of eyes
  Fannar (Lair:3)
  The ghost of Suk Xiy the Grappler, a journeyman DrTm of Yredelemnul (Lair:2)
  9 ice dragons
  23 hydras
  6 rakshasas
  30 vault guards
  7 spriggan air magi
  5 ghost crabs (WizLab)
  39 two-headed ogres
  A shambling mangrove (Swamp:3)
  8 alligators
  9 centaur warriors
  6 catoblepae
  3 death knights
  5 deep troll shamans
  A queen ant (Spider:4)
  A titan zombie (Depths:2)
  5 tengu warriors
  7 deep troll earth magi
  15 ogre magi
  2 deep elf knights
  14 death yaks
  Urug (D:10)
  5 orc high priests
  2 spriggan berserkers (Depths:5)
  2 vampire magi
  2 shock serpents (WizLab)
  A soul eater (Depths:4)
  5 sun demons
  Nergalle (D:12)
  A shadow wraith (Vaults:3)
  23 deep trolls
  An iron troll (Depths:1)
  6 skeletal warriors (Vaults:2)
  4 death drakes (Depths:5)
  2 flayed ghosts
  A spark wasp zombie (Depths:2)
  A sixfirhy (Depths:3)
  A death drake (shapeshifter) (Depths:1)
  2 spriggan druids
  5 glowing orange brains
  13 swamp dragons
  2 unseen horrors
  A gelid demonspawn (Depths:3)
  A lindwurm (Depths:5)
  3 phantasmal warriors
  4 wizards
  A deep elf archer (Vaults:3)
  A golden dragon skeleton (Depths:2)
  A harpy (shapeshifter) (Vaults:3)
  5 ironbrand convokers
  A tengu zombie (Vaults:5)
  13 orc knights
  10 deep elf magi
  3 necromancers
  25 wolf spiders
  62 ugly things
  9 orc sorcerers
  9 cyclopes
  2 oklob plants (Lair:1)
  6 manticores
  9 moths of wrath
  14 orb spiders
  A salamander (D:15)
  Maurice (D:10)
  5 ice statues (IceCv)
  A frost giant skeleton (Depths:2)
  5 apocalypse crabs (WizLab)
  3 black mambas
  10 spiny frogs
  6 vault sentinels
  2 gargoyles
  Joseph (D:7)
  3 kobold demonologists (D:11)
  2 anaconda simulacra (IceCv)
  2 yaktaurs (shapeshifter)
  A rime drake (Lair:1)
  A hellion (Depths:4)
  10 komodo dragons
  6 freezing wraiths
  46 yaktaurs
  An ice devil (Depths:4)
  12 demonic crawlers
  2 golden dragon simulacra (IceCv)
  A hellwing (Depths:3)
  A queen bee (Lair:5)
  2 red devils (Depths:4)
  3 meliai (Lair:5)
  3 polar bears
  A tengu simulacrum (Vaults:5)
  2 tyrant leeches
  A meliai (shapeshifter) (Vaults:2)
  A troll (D:9)
  15 jumping spiders
  A hornet (shapeshifter) (Vaults:3)
  5 bog bodies
  22 hornets
  5 wind drakes
  An ettin zombie (Depths:2)
  9 blink frogs
  11 slime creatures
  A human simulacrum (Vaults:1)
  4 hippogriffs
  A centaur simulacrum (D:13)
  7 air elementals (WizLab)
  19 tarantellas
  5 water elementals (Depths:3)
  39 redbacks
  6 spriggans
  6 wyverns
  A tarantella (shapeshifter) (Vaults:5)
  11 wraiths
  5 shadows
  23 yaks
  A vampire (D:13)
  A dire elephant simulacrum (IceCv)
  Eustachio (D:5)
  2 basilisks (shapeshifter)
  A chaos spawn (Depths:4)
  A hog (shapeshifter) (Depths:3)
  9 vampire mosquitoes
  2 hungry ghosts (D:13)
  A golden eye (shapeshifter) (Vaults:5)
  An elf simulacrum (Vaults:5)
  A hog (Swamp:1)
  2 neqoxecs (D:12)
  8 swamp worms
  6 wargs
  3 acid dragons
  4 insubstantial wisps (Swamp:1)
  27 soldier ants
  A harpy simulacrum (IceCv)
  17 water moccasins
  A naga (shapeshifter) (D:15)
  A floating eye (Depths:1)
  2 hydra simulacra (IceCv)
  13 porcupines
  5 sky beasts
  11 swamp drakes
  60 orc warriors
  3 black bears
  A necrophage (D:8)
  8 ice beasts
  An ettin simulacrum (IceCv)
  4 boggarts
  4 eyes of draining
  A wolf (shapeshifter) (D:12)
  37 ogres
  3 phantoms
  8 centaurs
  12 crocodiles
  4 big kobolds
  2 wyvern zombies
  19 bullfrogs
  31 killer bees
  37 scorpions
  7 wights
  9 electric eels
  A howler monkey (D:8)
  15 crimson imps
  3 centaur zombies
  3 bullfrog zombies
  9 hounds
  3 human zombies (D:8)
  8 jellies
  2 quasits
  37 orc priests
  Crazy Yiuf (D:7)
  2 bullfrog skeletons
  29 orc wizards
  3 human skeletons
  4 iron imps
  4 iguanas
  3 hell rats (D:7)
  35 worker ants
  An ogre zombie (D:8)
  3 hound zombies
  A hound skeleton (D:5)
  2 worker ant zombies
  Robin (D:4)
  4 gnolls (D:6)
  2 howler monkey skeletons
  4 river rats (D:7)
  12 adders
  A shadow imp (D:6)
  A white imp (Depths:4)
  An ufetubus (Depths:4)
  6 oozes
  An adder zombie (D:9)
  2 worms
  11 dart slugs
  7 leopard geckos
  97 orcs
  3 bats (D:1)
  5 giant cockroaches
  11 goblins
  10 hobgoblins
  13 jackals
  2 quokkas
  2 ball pythons (D:1)
  6 frilled lizards
  23 kobolds
  2 leopard gecko skeletons (D:4)
  3 orc zombies (D:8)
  22 rats
  A fungus (Lair:3)
  2 plants
1822 creatures vanquished.

Vanquished Creatures (collateral kills)
  Sojobo (Vaults:5)
  2 death cobs (Zot:5)
  2 tengu reavers (Vaults:5)
  2 ghost moths (Spider:4)
  A frost giant (Vaults:5)
  A deep elf elementalist (Vaults:5)
  2 vault wardens
  A stone giant (Vaults:3)
  2 ironheart preservers
  A purple draconian (Depths:5)
  An ettin (Vaults:5)
  The ghost of Folque the Geomancer, a journeyman DrEE of Sif Muna (D:12)
  3 yaktaur captains
  An ogre mage (D:13)
  A death yak (Lair:6)
  A deep elf knight (Vaults:5)
  A deep troll (Vaults:5)
  3 orc knights
  An orb spider (shapeshifter) (Depths:2)
  2 orb spiders (Spider:4)
  A phantasmal warrior (Vaults:5)
  3 wolf spiders
  2 deep elf magi (Vaults:5)
  A demonic crawler (Spider:4)
  3 yaktaurs
  A troll (Orc:2)
  A tengu conjurer (D:13)
  2 hornets (Spider:4)
  2 tarantellas
  2 redbacks (Spider:1)
  5 yaks (Lair:6)
  7 orc warriors
  An ice beast (IceCv)
  An ogre (Orc:1)
  3 orc priests
  2 orc wizards (Orc:1)
  20 orcs
  A rat (shapeshifter) (D:12)
88 creatures vanquished.

Vanquished Creatures (others)
  A spark wasp (WizLab)
  A shadow wraith (Vaults:3)
  An unseen horror (Vaults:1)
  A spriggan druid (Swamp:4)
  A wizard (D:13)
  A lindwurm (Depths:5)
  A wind drake (WizLab)
  A spriggan (Swamp:4)
  2 vampire mosquitoes (Swamp:4)
  A swamp worm (Swamp:4)
  An orc (Vaults:2)
  16 fungi
  15 plants
43 creatures vanquished.

Grand Total: 1953 creatures vanquished
